 Dungeon Crawl Stone Soup version 0.29.1-1-gd02db6906a (webtiles) character file.

Game seed: 3415418864508510953

1256530 sleeves the Devastator (level 26, 191/191 HPs)
             Began as a Mummy Wanderer on Sept 25, 2022.
             Was an Initiate of Gozag.
             Escaped with the Orb
             ... and 3 runes on Sept 26, 2022!
             The game lasted 07:24:54 (145323 turns).

sleeves the Devastator (Mummy Wanderer)           Turns: 145323, Time: 07:24:55

Health: 191/191    AC: 12    Str: 21    XL:     26   Next: 72%
Magic:  41/41      EV: 14    Int: 38    God:    Gozag
Gold:   2068       SH: 18    Dex: 11    Spells: 6/53 levels left

rFire   + + .      SeeInvis +   a - +5 sling "Molavum" {venom, rF++ Stlth+}
rCold   + . .      Faith    .   W - +5 kite shield {reflect} {Donald}
rNeg    + + +      Spirit   .   q - +0 robe of the Wilderness {rElec Int+8 Archmagi}
rPois   ∞          Reflect  +   m - +2 helmet {SInv}
rElec   +          Harm     .   v - +1 cloak {Stlth+}
rCorr   .          Rampage  .   N - +2 pair of gloves {Stlth+}
Will    ++++.      Archmagi +   (no boots)
Stlth   +++.......              c - amulet of Vitality {RegenMP++ Regen++}
HPRegen 2.01/turn               g - ring "Gamingum" {Will+ Str+6 Int+3 Dex-4 SInv}
MPRegen 1.07/turn               s - ring of the Final Decision {rElec rF+ Str+3 Int+4}

@: studying Fire Magic
A: cold resistance 1, negative energy resistance 3, torment resistance 2, heat
vulnerability 1, in touch with death 2, no potions
0: Orb of Zot
}: 3/15 runes: barnacled, slimy, gossamer
a: Renounce Religion, Potion Petition, Call Merchant, Bribe Branch


You escaped.
You worshipped Gozag.
Gozag was most pleased with you.
You visited 12 branches of the dungeon, and saw 55 of its levels.
You also visited: Trove, Bailey and Wizlab.

You collected 29178 gold pieces.
You spent 4261 gold pieces at shops.
You paid 22849 gold pieces to Gozag.

Inventory:

Hand Weapons
 a - the +5 sling "Molavum" (weapon) {venom, rF++ Stlth+}
   (You found it on level 5 of the Dungeon)

   Any ammunition fired from it poisons the flesh of those it strikes.
   rF:        It greatly protects you from fire.
   Stlth:     It makes you more stealthy.
Missiles
 O - 8 boomerangs of dispersal
Armour
 m - a +2 helmet of see invisible (worn)
   (You found it on level 14 of the Dungeon)
 q - the +0 robe of the Wilderness (worn) {rElec Int+8 Archmagi}
   (You took it off a merfolk impaler on level 1 of the Shoals)

   Int:       It affects your intelligence (+8).
   rElec:     It insulates you from electricity.
   Archmagi:  It increases the power of your magical spells.
 v - a +1 cloak of stealth (worn)
   (You took it off a draconian scorcher on level 4 of the Depths)
 N - a +2 pair of gloves of stealth (worn)
   (You found it on level 4 of the Shoals)
 P - the +3 pair of seven-league boots {Rampage+∞}
   (You found it on level 4 of the Shoals)

   Its wearer moves as far as possible in that direction when moving towards
   enemies.
 Q - an orb of energy
   (You found it on level 4 of the Spider Nest)
 W - a +5 kite shield of reflection (worn) {Donald}
   (You took it off Donald on level 1 of the Vaults)
Magical Staves
 R - a staff of conjuration
   (You found it on level 3 of the Elven Halls)
 T - a staff of cold
   (You found it on level 3 of the Elven Halls)
 Y - a staff of fire
   (You found it on level 3 of the Elven Halls)
Jewellery
 b - the ring of Fich {Fire Drain rN+ Int+6 SInv}
   (You found it in a treasure trove)

   [ring of fire]

   It enhances your fire magic.
   Int:       It affects your intelligence (+6).
   rF:        It protects you from fire.
   rC:        It makes you vulnerable to cold.
   rN:        It protects you from negative energy.
   SInv:      It lets you see invisible.
   Drain:     It drains your maximum health when unequipped.
 c - the amulet of Vitality (around neck) {RegenMP++ Regen++}
   (You found it in a treasure trove)

   [amulet of magic regeneration]

   It increases your rate of magic regeneration.
   Regen:     It increases your rate of health regeneration.
 d - the ring "Nivoso" {Ice Int+4}
   (You took it off a merfolk on level 4 of the Shoals)

   [ring of ice]

   It enhances your ice magic.
   Int:       It affects your intelligence (+4).
   rF:        It makes you vulnerable to fire.
   rC:        It protects you from cold.
 g - the ring "Gamingum" (left hand) {Will+ Str+6 Int+3 Dex-4 SInv}
   (You found it in a treasure trove)

   [ring of strength]

   Str:       It affects your strength (+6).
   Int:       It affects your intelligence (+3).
   Dex:       It affects your dexterity (-4).
   SInv:      It lets you see invisible.
   Will:      It increases your willpower.
 h - the ring of Zialeuf {rCorr Int+7 Dex+6}
   (You found it on level 1 of the Crypt)

   [ring of dexterity]

   Int:       It affects your intelligence (+7).
   Dex:       It affects your dexterity (+6).
   rCorr:     It protects you from acid and corrosion.
 o - the ring of Divine Compulsion {rC+ Will++ Dex-4}
   (You found it in a treasure trove)

   [ring of protection from cold]

   Dex:       It affects your dexterity (-4).
   rC:        It protects you from cold.
   Will:      It greatly increases your willpower.
 r - the ring "Fiwouxt" {rC+ Will+++ rCorr Str+6 Dex-3}
   (You took it off a balrug in a wizard's laboratory)

   [ring of strength]

   Str:       It affects your strength (+6).
   Dex:       It affects your dexterity (-3).
   rC:        It protects you from cold.
   rCorr:     It protects you from acid and corrosion.
   Will:      It greatly increases your willpower.
 s - the ring of the Final Decision (right hand) {rElec rF+ Str+3 Int+4}
   (You bought it in a shop on level 14 of the Dungeon)

   [ring of protection from fire]

   Str:       It affects your strength (+3).
   Int:       It affects your intelligence (+4).
   rF:        It protects you from fire.
   rElec:     It insulates you from electricity.
 u - the ring of Vuddol {Fire SInv}
   (You found it on level 5 of the Lair of Beasts)

   [ring of fire]

   It enhances your fire magic.
   rF:        It protects you from fire.
   rC:        It makes you vulnerable to cold.
   SInv:      It lets you see invisible.
 C - the ring of Umoh {rPois rN+ Dex+2}
   (You found it on level 3 of the Crypt)

   [ring of positive energy]

   Dex:       It affects your dexterity (+2).
   rPois:     It protects you from poison.
   rN:        It protects you from negative energy.
 D - the ring of Kaetzath {rC+++ Str-5 Int+6}
   (You found it in a treasure trove)

   [ring of intelligence]

   Str:       It affects your strength (-5).
   Int:       It affects your intelligence (+6).
   rC:        It renders you almost immune to cold.
 G - the macabre finger necklace {rN+}
   (You found it on level 5 of the Pits of Slime)

   [amulet of nothing]

   It enables you to equip an extra ring.
   rN:        It protects you from negative energy.
 H - the ring of Elytaf {Contam rPois rF+ rCorr Str+4}
   (You found it in a treasure trove)

   [ring of protection from fire]

   Str:       It affects your strength (+4).
   rF:        It protects you from fire.
   rPois:     It protects you from poison.
   Contam:    It causes magical contamination when unequipped.
   rCorr:     It protects you from acid and corrosion.
 I - a ring of flight
   (You found it on level 1 of the Spider Nest)
 K - the amulet of the Four Winds {rN+ Will+++ Clar}
   (You found it on level 5 of the Pits of Slime)

   [amulet of nothing]

   rN:        It protects you from negative energy.
   Clar:      It protects you against confusion.
   Will:      It greatly increases your willpower.
 Z - the ring of Riuf {rF+ rN+}
   (You found it on level 3 of the Crypt)

   [ring of positive energy]

   rF:        It protects you from fire.
   rN:        It protects you from negative energy.
Wands
 t - a wand of light (19)
   (You found it on level 10 of the Dungeon)
 z - a wand of iceblast (30)
   (You found it on level 9 of the Dungeon)
 L - a wand of digging (12)
   (You found it on level 14 of the Dungeon)
Scrolls
 f - 12 scrolls of fear
 i - 11 scrolls of poison
 j - 9 scrolls of vulnerability
 k - 5 scrolls of enchant weapon
 l - a scroll of blinking
 n - 2 scrolls of magic mapping
 p - 13 scrolls of butterflies
 w - 7 scrolls of immolation
 x - 9 scrolls of teleportation
 y - 5 scrolls of silence
 A - 3 scrolls of enchant armour
 B - 5 scrolls of brand weapon
 E - 3 scrolls of summoning
 J - 2 scrolls of amnesia
 M - 2 scrolls of torment
Miscellaneous
 e - a piece from Xom's chessboard (15/15)
   (You found it on level 4 of the Shoals)
 F - a phial of floods
   (You found it on level 4 of the Lair of Beasts)
 S - a lightning rod (4/4)
   (You found it on level 3 of the Elven Halls)
 U - a box of beasts
   (You found it on level 5 of the Pits of Slime)
 V - a tin of tremorstones (2/2)
   (You found it on level 3 of the Elven Halls)
 X - a phantom mirror
   (You found it on level 3 of the Elven Halls)


   Skills:
 - Level 12.0 Fighting
 - Level 7.6 Staves
 - Level 10.0 Armour
 - Level 8.5 Dodging
 - Level 10.0 Stealth
 - Level 15.0 Shields
 - Level 14.0 Spellcasting
 + Level 18.4 Conjurations
 - Level 15.0 Summonings
 - Level 10.2 Translocations
 - Level 6.9 Fire Magic
 - Level 16.0 Ice Magic
 - Level 5.0 Air Magic
 + Level 17.0 Earth Magic
 - Level 5.4 Evocations


You had 6 spell levels left.
You knew the following spells:

 Your Spells              Type           Power      Damage    Failure   Level
a - Lehudib's Crystal Sp  Conj/Erth      63%        10d15     11%         8
b - Ozocubu's Refrigerat  Ice            61%        4d21      2%          7
d - Swiftness             Air            77%        N/A       1%          3
e - Apportation           Tloc           100%       N/A       1%          1
f - Passage of Golubria   Tloc           100%       N/A       1%          4
g - Freezing Cloud        Conj/Ice/Air   56%        6-21      1%          5
h - Iron Shot             Conj/Erth      63%        9d12      1%          6
k - Spellforged Servitor  Conj/Summ      62%        N/A       1%          7
l - Dispersal             Tloc           51%        N/A       5%          6

Your spell library contained the following spells:

 Spells                   Type           Power      Damage    Failure   Level
 Foxfire                  Conj/Fire      100%       2x1d9     0%          1
 Freeze                   Ice            100%       1d11      0%          1
 Magic Dart               Conj           100%       1d8       0%          1
 Summon Small Mammal      Summ           100%       N/A       0%          1
 Call Imp                 Summ           100%       N/A       0%          2
 Searing Ray              Conj           100%       2d8       0%          2
 Call Canine Familiar     Summ           100%       N/A       0%          3
 Frozen Ramparts          Ice            100%       1d16      0%          3
 Ozocubu's Armour         Ice            100%       N/A       0%          3
 Stone Arrow              Conj/Erth      100%       3d13      0%          3
 Shock                    Conj/Air       100%       1d9       1%          1
 Ensorcelled Hibernation  Hex/Ice        100%       N/A       1%          2
 Passwall                 Tmut/Erth      79%        N/A       1%          2
 Poisonous Vapours        Pois/Air       100%       N/A       1%          2
 Static Discharge         Conj/Air       100%       3-16/arc  1%          2
 Conjure Flame            Conj/Fire      100%       6-21      1%          3
 Dazzling Flash           Conj/Hex       100%       N/A       1%          3
 Gell's Gravitas          Tloc           100%       N/A       1%          3
 Inner Flame              Hex/Fire       68%        N/A       1%          3
 Mephitic Cloud           Conj/Pois/Air  91%        N/A       1%          3
 Portal Projectile        Hex/Tloc       100%       N/A       1%          3
 Summon Guardian Golem    Hex/Summ       90%        N/A       1%          3
 Teleport Other           Tloc           100%       N/A       1%          3
 Animate Armour           Summ/Erth      100%       N/A       1%          4
 Flame Wave               Conj/Fire      100%       2d21      1%          4
 Fulminant Prism          Conj/Hex       49%        3d21      1%          4
 Hailstorm                Conj/Ice       100%       3d20      1%          4
 Iskenderun's Mystic Bla  Conj/Tloc      100%       2d19      1%          4
 Leda's Liquefaction      Hex/Erth       47%        N/A       1%          4
 Sticky Flame             Conj/Fire      100%       2d11      1%          4
 Summon Ice Beast         Ice/Summ       100%       N/A       1%          4
 Summon Lightning Spire   Summ/Air       100%       N/A       1%          4
 Fireball                 Conj/Fire      55%        3d21      1%          5
 Iskenderun's Battlesphe  Conj           100%       2d15      1%          5
 Lightning Bolt           Conj/Air       54%        1d75      1%          5
 Summon Forest            Summ/Tloc      55%        N/A       1%          5
 Starburst                Conj/Fire      55%        6d15      1%          6
 Summon Cactus Giant      Summ           59%        N/A       1%          6
 Necrotise                Necr           100%       1d9       2%          1
 Sting                    Tmut/Pois      100%       1d8       2%          1
 Ignite Poison            Fire/Tmut/Pois 60%        N/A       2%          3
 Airstrike                Air            38%        2d(6-22)  3%          4
 Summon Mana Viper        Hex/Summ       90%        N/A       3%          5
 Conjure Ball Lightning   Conj/Air       54%        3x3d20    3%          6
 Confusing Touch          Hex            39%        N/A       7%          3
 Tukima's Dance           Hex            39%        N/A       7%          3
 Anguish                  Hex/Necr       37%        N/A       22%         4
 Cause Fear               Hex            19%        N/A       22%         4
 Dispel Undead            Necr           74%        3d25      22%         4
 Olgreb's Toxic Radiance  Pois           39%        N/A       22%         4
 Alistair's Intoxication  Tmut/Pois      26%        N/A       54%         5
 Yara's Violent Unravell  Hex/Tmut       19%        3d9       54%         5
 Death Channel            Necr           37%        N/A       98%         6
 Eringya's Noxious Bog    Tmut/Pois      19%        N/A       98%         6
 Summon Hydra             Summ           59%        N/A       4%          7
 Malign Gateway           Summ/Tloc      55%        N/A       11%         7
 Summon Horrible Things   Summ           59%        N/A       32%         8
 Disjunction              Tloc           51%        N/A       92%         8
 Dragon's Call            Summ           59%        N/A       99%         9
 Enfeeble                 Hex            19%        N/A       100%        7
 Discord                  Hex            19%        N/A       100%        8
 Ignition                 Fire           43%        3d13      100%        8
 Maxwell's Capacitive Co  Air            38%        ∞         100%        8
 Chain Lightning          Conj/Air       54%        3d72      100%        9
 Beastly Appendage        Tmut           Unusable   N/A       N/A         1
 Sublimation of Blood     Necr           Unusable   N/A       N/A         2
 Wereblood                Tmut           Unusable   N/A       N/A         2
 Statue Form              Tmut/Erth      Unusable   N/A       N/A         6
 Corpse Rot               Necr/Pois/Air  Unusable   N/A       N/A         4
 Blade Hands              Tmut           Unusable   N/A       N/A         5
 Dragon Form              Tmut           Unusable   N/A       N/A         7

Dungeon Overview and Level Annotations

Branches:
Dungeon (15/15)              Lair (5/5) D:10         Shoals (4/4) Lair:2
 Spider (4/4) Lair:2        Slime (5/5) Lair:5          Orc (2/2) D:9
    Elf (3/3) Orc:2        Vaults (4/5) D:14          Crypt (3/3) Vaults:3
   Tomb (0/3) Crypt:3      Depths (4/4) D:15           Hell (visited)
    Zot (5/5) Depths:4     Bailey (visited)          WizLab (visited)
 Temple: D:4-7          Dis: Hell:1         Geh: Hell:1         Coc: Hell:1
    Tar: Hell:1

Altars:
Dithmenos
Gozag
Hepliaklqana
Kikubaaqudgha
Okawaru
Qazlal
Sif Muna
Vehumet
Wu Jian
Xom
Yredelemnul
Jiyva

Shops:
D:4 [   D:6 !((??   D:9 *=:   D:10 [   D:14 ==[   Orc:2 *(([   Lair:2 *=[*
Shoals:3 (!(   Shoals:4 [   Vaults:1 (   Vaults:2 ![   Vaults:3 (!*
Depths:4 *

Portals:
Hell: Depths:1 Depths:2 Depths:3 Depths:4
Abyss: Depths:2 Depths:3 Depths:4
Pandemonium: Depths:2
Ziggurat: Depths:3

Annotations:
D:5 exclusion: ice beast
D:14 exclusion: downstairs
Lair:4 exclusion: downstairs
Shoals:1 exclusions: faun, 2 hogs and 4 more exclusions
Shoals:4 Mara
Slime:4 exclusion: downstairs
Elf:2 3 runed translucent doors
Vaults:2 exclusion: downstairs
Crypt:1 3 runed translucent doors, Hynnuzim's ghost, veteran CeHu
Crypt:2 3 runed translucent doors, Woadakig's ghost, veteran FoFi
Depths:3 exclusions: ettin, kobold demonologist, 2 lorocyprocas and shadow demon
Depths:4 3 runed translucent doors, exclusion: door, Veakkusy's ghost, veteran DsWr
Zot:2 1 runed translucent door, Flapstick's ghost, legendary HaBe
Zot:4 4 transporters


Innate Abilities, Weirdness & Mutations

You are immune to poison.
Your flesh is cold resistant. (rC+)
You are immune to negative energy. (rN+++)
You are immune to unholy pain and torment.
You are vulnerable to heat. (rF-)
You are strongly in touch with the powers of death.
You do not drink.


Message History

The black draconian breathes lightning at you.
The bolt of lightning misses you.
You feel a surge of power!
The iron shot hits the black draconian!!!
You kill the black draconian!
You now have 2403 gold pieces (gained 5).
You see here a +0 flail.
A death cob is nearby!
A death cob is nearby!
A death cob is nearby!
A death cob is nearby!
Casting: Iron Shot (mildly dangerous; 1% risk of failure)
Confirm with . or Enter, or press ? or * to list all spells.
You feel a surge of power!
You summon a servant imbued with your destructive magic!
The death cob gives a chilling moan.
You feel a surge of power!
The iron shot hits the death cob!!!
The death cob is severely damaged.
You feel a surge of power!
The iron shot hits the death cob!!!
You destroy the death cob!
You now have 2411 gold pieces (gained 8).
There is a stone staircase leading up here.
Things that are here:
a +0 cloak; a +0 battleaxe; a +0 halberd You see here a +0 war axe.
Key pressed, stopping explore.
A purple draconian is nearby!
A purple draconian is nearby!
A purple draconian is nearby!
Casting: Iron Shot (mildly dangerous; 1% risk of failure)
Confirm with . or Enter, or press ? or * to list all spells.
You feel a surge of power!
You summon a servant imbued with your destructive magic!
The purple draconian roars!
Your spellforged servitor disappears in a puff of smoke!
The purple draconian breathes dispelling energy at you.
The bolt of dispelling energy hits you!
You can't see any susceptible monsters within range! (Use Z to cast anyway.)
You shoot a sling bullet.
The sling bullet hits the purple draconian.
The purple draconian is poisoned.
The purple draconian is lightly wounded.
Your spellforged servitor points at the purple draconian and mumbles some strange words.
The crystal spear hits the purple draconian!!!
You can't see any susceptible monsters within range! (Use Z to cast anyway.)
The purple draconian breathes dispelling energy at your spellforged servitor.
The bolt of dispelling energy misses your spellforged servitor.
Your spellforged servitor casts a spell at the purple draconian.
The crystal spear hits the purple draconian!!!
The purple draconian dies!
Things that are here:
a +1 cloak; a +0 rapier Your spellforged servitor casts a spell at the moth of wrath.
The crystal spear hits the moth of wrath!!!
Your spellforged servitor points at the moth of wrath and mumbles some strange words.
The crystal spear hits the moth of wrath!!
The moth of wrath dies!
You see here a +0 mace.
You now have 2419 gold pieces (gained 8).
x - 9 scrolls of teleportation (gained 1)
Things that are here:
a +0 scimitar of holy wrath; a viscous inky potion You now have 2426 gold pieces (gained 7).
Things that are here:
a +0 cloak; a +0 whip You see here a +0 mace.
A dread lich is nearby!
A dread lich is nearby!
A dread lich is nearby!
Casting: Spellforged Servitor (mildly dangerous; 2% risk of failure)
Confirm with . or Enter, or press ? or * to list all spells.
You feel a surge of power!
You summon a servant imbued with your destructive magic!
Your spellforged servitor disappears in a puff of smoke!
The dread lich gestures wildly while chanting.
The dread lich flickers and vanishes for a moment.
You can't see any susceptible monsters within range! (Use Z to cast anyway.)
You feel a surge of power!
The iron shot hits the dread lich!!!
The dread lich is heavily damaged.
You feel a surge of power!
The iron shot hits the dread lich!!!
The dread lich is almost destroyed.
The dread lich casts a spell.
You feel a surge of power!
The iron shot hits the dread lich!!!
You destroy the dread lich!
The hell beast disappears in a puff of smoke!
You feel a surge of power!
The iron shot misses the dread lich.
You feel a surge of power!
The iron shot hits the dread lich!!
The dread lich is lightly damaged.
Your spellforged servitor points at the dread lich and mumbles some strange words.
The crystal spear hits the dread lich!!!
You feel a surge of power!
The iron shot hits the dread lich!!
The dread lich is almost destroyed.
* * * LOW MAGIC WARNING * * *
You feel a surge of power!
The iron shot hits the dread lich!!
You destroy the dread lich!
* * * LOW MAGIC WARNING * * *
Your spellforged servitor disappears in a puff of smoke!
An electric golem is nearby!
An electric golem is nearby!
Casting: Iron Shot (mildly dangerous; 1% risk of failure)
Confirm with . or Enter, or press ? or * to list all spells.
You feel a surge of power!
You summon a servant imbued with your destructive magic!
The electric golem hurls lightning at you.
The bolt of lightning hits you! You resist.
You feel a surge of power!
The iron shot hits the electric golem!!!
The electric golem is moderately damaged.
The electric golem hurls lightning at you.
The bolt of lightning hits you! You resist.
Your spellforged servitor casts a spell at the electric golem.
The crystal spear hits the electric golem!!
You feel a surge of power!
The iron shot hits the electric golem!!!
The electric golem is almost destroyed.
You block the electric golem's attack. The electric golem hits you!
The electric golem shocks you! You resist. The electric golem hits you.
The electric golem barely misses you.
You feel a surge of power!
The iron shot misses the electric golem.
You block the electric golem's attack. x3
The electric golem barely misses you.
The electric golem hurls lightning at you.
The bolt of lightning hits you! You resist.
Your spellforged servitor gestures at the electric golem while chanting.
The crystal spear hits the electric golem!!!
The electric golem is destroyed!
You can't see any susceptible monsters within range! (Use Z to cast anyway.) HP restored.
You now have 2437 gold pieces (gained 11).
You swap places.
You now have 2444 gold pieces (gained 7).
You now have 2448 gold pieces (gained 4).
Your spellforged servitor disappears in a puff of smoke!
You now have 2460 gold pieces (gained 12).
Key pressed, stopping explore.
An Orb Guardian comes into view.
An Orb Guardian is nearby!
An Orb Guardian is nearby!
Casting: Iron Shot (mildly dangerous; 1% risk of failure)
Confirm with . or Enter, or press ? or * to list all spells.
You don't know that spell.
Casting: Iron Shot (mildly dangerous; 1% risk of failure)
Confirm with . or Enter, or press ? or * to list all spells.
You feel a surge of power!
You summon a servant imbued with your destructive magic!
You swap places.
An Orb Guardian comes into view.
An Orb Guardian is nearby!
You feel a surge of power!
The iron shot hits the Orb Guardian!!!
The Orb Guardian is almost dead.
You hear a roar!
Unknown command.
Unknown command.
You feel a surge of power!
The iron shot hits the Orb Guardian!!!
You kill the Orb Guardian!
Your spellforged servitor gestures at the Orb Guardian while chanting.
The crystal spear hits the Orb Guardian!!!!
You feel a surge of power!
The iron shot hits the Orb Guardian!!!
You kill the Orb Guardian!
A yellow draconian annihilator comes into view.
It is wielding a +0 rapier.
You see here 23 gold pieces.
An Orb Guardian comes into view. x2
The Orb Guardian is distracted by your dazzling golden aura.
The Orb Guardian moves out of view.
You see here 26 gold pieces.
You feel a surge of power!
The iron shot misses the yellow draconian annihilator.
You hear a roar! x2
The yellow draconian annihilator points at you and mumbles some strange words.
Your +5 kite shield of reflection {Donald} reflects the poison arrow!
The poison arrow hits the yellow draconian annihilator!!
The yellow draconian annihilator looks as sick as possible!
You feel a surge of power!
The iron shot hits the yellow draconian annihilator!!!
You kill the yellow draconian annihilator!
You hear a roar!
A yellow draconian comes into view. It is wielding a +0 scimitar.
A black draconian knight comes into view.
It is wielding a +0 great mace.
The black draconian knight mumbles some strange words.
The black draconian knight flickers and vanishes for a moment.
The Orb Guardian is no longer distracted by gold.
The Orb Guardian is distracted by your dazzling golden aura.
Your spellforged servitor gestures at the Orb Guardian while chanting.
The crystal spear hits the Orb Guardian!!
The Orb Guardian is no longer distracted by gold.
You see here 26 gold pieces.
Casting: Iron Shot (mildly dangerous; 1% risk of failure)
Confirm with . or Enter, or press ? or * to list all spells.
Aiming: Freezing Cloud (mildly dangerous; 1% risk of failure)
Press: ? - help, Dir - move target You feel a surge of power!
Really fire in your spellforged servitor's direction?
The Orb Guardian is engulfed in freezing vapours.
The black draconian knight seems to slow down.
The black draconian knight gestures wildly while chanting.
The black draconian knight seems to speed up.
The Orb Guardian is engulfed in freezing vapours.
A yellow draconian comes into view. It is wielding a +0 war axe.
The black draconian knight is engulfed in freezing vapours.
The Orb Guardian is engulfed in freezing vapours.
The Orb Guardian fails to trigger a net trap.
Your spellforged servitor is engulfed in freezing vapours.
Your spellforged servitor points at the Orb Guardian and mumbles some strange words.
The crystal spear hits the Orb Guardian!!
The Orb Guardian hits your spellforged servitor! x2
You see here 26 gold pieces.
Your spellforged servitor is engulfed in freezing vapours.
Your spellforged servitor casts a spell at the Orb Guardian.
The crystal spear hits the Orb Guardian!!!
The Orb Guardian dies!
What are your orders? t - Shout!
Orders for allies: a - Attack new target. r - Retreat! s - Stop attacking. g - Guard the area. f - Follow me.
Anything else - Cancel.
Gang up on whom?
Press: ? - help, Dir - move target, f - black draconian knight
Aim: a black draconian knight, wielding a +0 great mace and wearing a +0 cloak (freezing vapour, lightly wounded, fast, slightly transparent, slow)
The black draconian knight is invisible, and you have no allies that can see it.
The black draconian knight is engulfed in freezing vapours.
The yellow draconian spits acid at you.
The glob of acid hits the black draconian knight but does no damage.
The yellow draconian is distracted by your dazzling golden aura.
The black draconian knight is engulfed in freezing vapours.
Your spellforged servitor gestures at the yellow draconian while chanting.
The crystal spear hits the yellow draconian!!
The yellow draconian roars!
You see here 26 gold pieces.
The yellow draconian is engulfed in freezing vapours.
The black draconian knight is engulfed in freezing vapours.
The black draconian knight seems to slow down.
The black draconian knight fails to trigger a net trap.
Your spellforged servitor is engulfed in freezing vapours.
You feel a surge of power!
The iron shot hits the black draconian knight!!!
The black draconian knight is severely wounded.
The yellow draconian is engulfed in freezing vapours.
The black draconian knight breathes lightning at you.
The bolt of lightning misses you.
Your spellforged servitor casts a spell at the yellow draconian.
The crystal spear hits the yellow draconian!!!
The yellow draconian dies!
Your Conjurations skill increases to level 18!
You feel a surge of power!
The iron shot hits the black draconian knight!!!
You kill the black draconian knight!
Your spellforged servitor disappears in a puff of smoke!
The yellow draconian is no longer distracted by gold.
The yellow draconian spits acid at you. The glob of acid hits you!!
The acid corrodes you!
You see here 26 gold pieces.
What are your orders? t - Shout!
Orders for allies: a - Attack new target. r - Retreat! s - Stop attacking. g - Guard the area. f - Follow me.
Anything else - Cancel.
Okay, then.
Casting: Iron Shot (mildly dangerous; 1% risk of failure)
Confirm with . or Enter, or press ? or * to list all spells.
You feel a surge of power!
You summon a servant imbued with your destructive magic!
* * * LOW MAGIC WARNING * * *
The yellow draconian is engulfed in freezing vapours.
The yellow draconian seems to slow down.
What are your orders? t - Shout!
Orders for allies: a - Attack new target. r - Retreat! s - Stop attacking. g - Guard the area. f - Follow me.
Anything else - Cancel.
Gang up on whom?
Press: ? - help, Dir - move target, f - yellow draconian
Aim: a yellow draconian, wielding a +0 war axe (freezing vapour, lightly wounded, slow, ally target) Attack!
The yellow draconian is engulfed in freezing vapours.
The yellow draconian seems to slow down.
The blast of magma engulfs your spellforged servitor!!
Your spellforged servitor partially resists.
The yellow draconian is engulfed in freezing vapours.
The yellow draconian seems to slow down.
The yellow draconian spits acid at you.
Your +5 kite shield of reflection {Donald} reflects the glob of acid!
The glob of acid hits the yellow draconian!
Your spellforged servitor casts a spell at the yellow draconian.
The crystal spear hits the yellow draconian!!!
You see here 26 gold pieces.
The yellow draconian is engulfed in freezing vapours.
The yellow draconian seems to slow down.
You kill the yellow draconian!
You start resting.
A white draconian stormcaller comes into view.
It is wielding a +0 short sword.
What are your orders? t - Shout!
Orders for allies: a - Attack new target. r - Retreat! s - Stop attacking. g - Guard the area. f - Follow me.
Anything else - Cancel.
Gang up on whom?
Press: ? - help, Dir - move target, f - white draconian stormcaller
Aim: a white draconian stormcaller, wielding a +0 short sword and wearing a +0 cloak (freezing vapour, not watching you, ally target) Attack!
The white draconian stormcaller is engulfed in freezing vapours.
The white draconian stormcaller mumbles some strange prayers to Qazlal against your spellforged servitor.
Your spellforged servitor is smitten.
The white draconian stormcaller is engulfed in freezing vapours.
The white draconian stormcaller is engulfed in freezing vapours.
The white draconian stormcaller drops a net on you.
You become entangled in the net!
Your spellforged servitor casts a spell at the white draconian stormcaller.
The crystal spear hits the white draconian stormcaller!!!
Things that are here:
26 gold pieces; a throwing net You are held in a net!
Casting: Spellforged Servitor (mildly dangerous; 2% risk of failure)
Confirm with . or Enter, or press ? or * to list all spells.
Aiming: Iron Shot (mildly dangerous; 1% risk of failure)
Press: ? - help, Shift-Dir - straight line, f/p - white draconian stormcaller
Aim: a white draconian stormcaller, wielding a +0 short sword and wearing a +0 cloak (severely wounded, not watching you, ally target, 81% to hit)
You feel a surge of power!
The iron shot hits the white draconian stormcaller!!!
You kill the white draconian stormcaller!
You tear a large gash into the net.
You struggle against the net.
You are no longer corroded.
You struggle against the net.
You rip the net and break free!
You now have 2483 gold pieces (gained 23).
You start resting.
Magic restored.
An Orb Guardian comes into view.
You see here 26 gold pieces.
You can't see any susceptible monsters within range! (Use Z to cast anyway.) Unknown command.
Unknown command.
You feel a surge of power!
The iron shot hits the Orb Guardian!!!
The Orb Guardian is heavily wounded.
Your spellforged servitor gestures at the Orb Guardian while chanting.
The crystal spear hits the Orb Guardian!!
You feel a surge of power!
The iron shot hits the Orb Guardian!!!
You kill the Orb Guardian!
You can't see any susceptible monsters within range! (Use Z to cast anyway.) Really walk into that net trap?
Okay, then.
Really walk into that net trap?
Okay, then.
You feel a surge of power!
The iron shot hits the Orb Guardian!!!
The Orb Guardian is severely wounded.
You feel a surge of power!
The iron shot hits the Orb Guardian!!!
You kill the Orb Guardian!
An Orb Guardian comes into view. x2
The Orb Guardian moves out of view.
Things that are here:
10 gold pieces; a +0 war axe; a +0 scimitar
Found the Orb of Zot.
You see here 24 gold pieces.
You swap places.
Things that are here:
10 gold pieces; a +0 war axe; a +0 scimitar
Okay, then.
Your spellforged servitor gestures at the Orb Guardian while chanting.
The crystal spear hits the Orb Guardian!!!
The Orb Guardian is distracted by your dazzling golden aura.
You hear a deafening roar!
You see here 22 gold pieces.
You feel a surge of power!
The iron shot hits the Orb Guardian!!!!
You kill the Orb Guardian!
Your spellforged servitor disappears in a puff of smoke!
An Orb Guardian comes into view.
You feel a surge of power!
The iron shot hits the Orb Guardian!!!
The Orb Guardian is heavily wounded.
You feel a surge of power!
The iron shot hits the Orb Guardian!!!
The Orb Guardian is almost dead.
You block the Orb Guardian's attack.
You feel a surge of power!
The iron shot hits the Orb Guardian!!!
You kill the Orb Guardian!
* * * LOW MAGIC WARNING * * *
You feel a surge of power!
The iron shot hits the Orb Guardian!!!
The Orb Guardian is severely wounded.
The golden dragon roars deafeningly!
* * * LOW MAGIC WARNING * * *
Casting: Iron Shot (mildly dangerous; 1% risk of failure)
Confirm with . or Enter, or press ? or * to list all spells.
You don't have enough magic to cast this spell.
You clumsily bash the Orb Guardian but do no damage.
The Orb Guardian is severely wounded.
The Orb Guardian closely misses you. The Orb Guardian barely misses you.
Unknown command.
The Orb Guardian attacks as you move away!
You block the Orb Guardian's attack.
The Orb Guardian attacks as you move away!
The Orb Guardian hits you!! The Orb Guardian barely misses you.
The Orb Guardian is distracted by your dazzling golden aura.
The golden dragon fails to trigger a net trap.
Casting: Iron Shot (mildly dangerous; 1% risk of failure)
Confirm with . or Enter, or press ? or * to list all spells.
You feel a surge of power!
You summon a servant imbued with your destructive magic!
* * * LOW MAGIC WARNING * * *
The Orb Guardian is no longer distracted by gold.
The golden dragon breathes fire at you. The bolt of fire misses you.
Your spellforged servitor casts a spell at the Orb Guardian.
The crystal spear hits the Orb Guardian!!!
The Orb Guardian dies!
The golden dragon breathes fire at you. The bolt of fire hits you! You resist.
Your spellforged servitor points at the golden dragon and mumbles some strange words.
The crystal spear hits the golden dragon!!
Your spellforged servitor points at the golden dragon and mumbles some strange words.
The crystal spear hits the golden dragon!!!!
The golden dragon dies!
HP restored.
Your spellforged servitor disappears in a puff of smoke!
You now have 2527 gold pieces (gained 44).
You now have 2553 gold pieces (gained 26).
You now have 2575 gold pieces (gained 22).
You now have 2604 gold pieces (gained 29).
Things that are here:
a +0 rapier; a +0 cloak You now have 2614 gold pieces (gained 10).
Things that are here:
a +0 war axe; a +0 scimitar You now have 2638 gold pieces (gained 24).
An Orb Guardian comes into view.
You see here 26 gold pieces.
Things that are here:
a +0 war axe; a +0 scimitar An Orb Guardian comes into view.
Casting: Spellforged Servitor (mildly dangerous; 2% risk of failure)
Confirm with . or Enter, or press ? or * to list all spells.
You feel a surge of power!
You summon a servant imbued with your destructive magic!
You hear a loud "Zot"!
You see here 26 gold pieces.
Your spellforged servitor casts a spell at the Orb Guardian.
The crystal spear hits the Orb Guardian!!!
Things that are here:
a +0 rapier; a +0 cloak The Orb Guardian hits you!!
Your spellforged servitor gestures at the Orb Guardian while chanting.
The crystal spear hits the Orb Guardian!!!!
The Orb Guardian dies!
You now have 2683 gold pieces (gained 45).
You start resting.
An Orb Guardian is nearby!
You swap places.
The Orb Guardian fails to trigger a net trap.
What are your orders? t - Shout!
Orders for allies: a - Attack new target. r - Retreat! s - Stop attacking. g - Guard the area. f - Follow me.
Anything else - Cancel.
Gang up on whom?
Press: ? - help, Dir - move target, f - Orb Guardian
Aim: an Orb Guardian (ally target) Attack!
You hear a loud "Zot"!
Your spellforged servitor points at the Orb Guardian and mumbles some strange words.
The crystal spear hits the Orb Guardian!!!
The Orb Guardian hits your spellforged servitor!!
The Orb Guardian hits your spellforged servitor but does no damage.
Your spellforged servitor gestures at the Orb Guardian while chanting.
The crystal spear misses the Orb Guardian.
The Orb Guardian hits your spellforged servitor!!
The Orb Guardian hits your spellforged servitor!!
The Orb Guardian barely misses your spellforged servitor.
Your spellforged servitor gestures at the Orb Guardian while chanting.
The crystal spear hits the Orb Guardian!!!
The Orb Guardian dies!
You start resting.
HP restored.
You swap places.
You see here the Orb of Zot.
You pick up the Orb of Zot!
The Orb lets out a hideous shriek!
The lords of Pandemonium are not amused.
Beware!
Now all you have to do is get back out of the dungeon!
You hear a shout!
You hear a deafening roar! [a] - 286 gold - curing and magic [b] - 621 gold - resistance, invisibility and heal wounds [c] - 690 gold - heal wounds, curing, magic, might and resistance Purchase which effect?
You feel protected.
You fade into invisibility!
You feel much better.
A soul eater comes into view.
You swap places.
The soul eater is distracted by your dazzling golden aura.
The soul eater is no longer distracted by gold.
A smoke demon comes into view.
Your spellforged servitor points at the soul eater and mumbles some strange words.
The crystal spear hits the smoke demon!!
The smoke demon gestures at your spellforged servitor.
Your spellforged servitor is smitten.
Your spellforged servitor is smitten.
Your spellforged servitor is destroyed!
Your spellforged servitor disappears in a puff of smoke!
Really walk into that permanent teleport trap?
You enter a permanent teleport trap!
Your surroundings suddenly seem different.
You enter a dispersal trap!
You blink.
The quicksilver dragon breathes dispelling energy at you.
The bolt of dispelling energy hits you!!
Your magical effects are unravelling.
You flicker back into view.
Your resistance to elements expires.
Really walk into that permanent teleport trap?
You enter a permanent teleport trap!
Your surroundings suddenly seem different.
An ancient lich comes into view.
The ancient lich mumbles some strange words.
The ancient lich flickers and vanishes for a moment.
Casting: Spellforged Servitor (mildly dangerous; 2% risk of failure)
Confirm with . or Enter, or press ? or * to list all spells.
You feel a surge of power!
You feel quick.
The smoke demon roars!
The ancient lich casts a spell at you. You resist with almost no effort.
The ancient lich casts a spell at you. The bolt of acid hits you!!!
The smoke demon barely misses you. You block the smoke demon's attack.
The smoke demon hits you but does no damage.
Things that are here:
a +0 war axe; a +0 scimitar You start to feel a little slower.
The smoke demon misses you. You block the smoke demon's attack. x2
The smoke demon gestures at you. Something smites you!
Really walk into that permanent teleport trap?
You enter a permanent teleport trap!
Your surroundings suddenly seem different.
A red draconian comes into view. It is wielding a +0 mace.
You feel sluggish.
You start to feel a little faster.
You see here a +0 long sword.
You no longer feel sluggish.
Things that are here:
a +0 scimitar; a +0 cloak
Things that are here:
a +0 cloak; a +0 rapier
Things that are here:
a +0 cloak; a +0 battleaxe; a +0 halberd
There is a stone staircase leading up here.
You climb upwards.
Level annotation: 4 transporters
There is a stone staircase leading down here.
There is a stone staircase leading up here.
You climb upwards.
There is a stone staircase leading down here.
There is an escape hatch in the ceiling here.
A mysterious force pulls you upwards. The hatch slams shut behind you.
Level annotation: 1 runed translucent door, Flapstick's ghost, legendary HaBe You see here a +0 halberd.
You see here a +4 antimagic dire flail.
An Orb Guardian comes into view.
You can't go up here!
Casting: Swiftness (safe; 1% risk of failure)
Confirm with . or Enter, or press ? or * to list all spells.
You feel a surge of power!
You summon a servant imbued with your destructive magic!
Your spellforged servitor points at the Orb Guardian and mumbles some strange words.
The crystal spear hits the Orb Guardian!!!
Things that are here:
a +0 cloak; a +0 dagger Your spellforged servitor points at the Orb Guardian and mumbles some strange words.
The crystal spear hits the Orb Guardian!!!!
The Orb Guardian dies!
(D) Dungeon (L) Lair (A) Shoals (N) Spider Nest (M) Slime Pits (O) Orcish Mines (E) Elven Halls (V) Vaults (C) Crypt (W) Tomb (U) Depths (H) Hell (Z) Zot
Where to? (Enter - Zot:2 @ (x,y), ? - help) Magic restored.
You see here a +2 hand axe of flaming.
There is a stone staircase leading up here.
You climb upwards.
There is a stone staircase leading down here.
Unknown command.
(D) Dungeon (L) Lair (A) Shoals (N) Spider Nest (M) Slime Pits (O) Orcish Mines (E) Elven Halls (V) Vaults (C) Crypt (W) Tomb (U) Depths (H) Hell (Z) Zot
Where to? (Enter - Zot:1, ? - help)
You see here a +0 trident.
There is a gate leading back out of this place here.
You go up through the gate.
Welcome back to the Depths!
Level annotation: 3 runed translucent doors, exclusion: door, Veakkusy's ghost, veteran DsWr
There is a gate to the Realm of Zot here.
(D) Dungeon (L) Lair (A) Shoals (N) Spider Nest (M) Slime Pits (O) Orcish Mines (E) Elven Halls (V) Vaults (C) Crypt (W) Tomb (U) Depths (H) Hell (Z) Zot
Where to? (Enter - Depths:4, ? - help)
A blizzard demon comes into view.
Casting: Spellforged Servitor (mildly dangerous; 2% risk of failure)
Confirm with . or Enter, or press ? or * to list all spells.
You feel a surge of power!
You summon a servant imbued with your destructive magic!
Your spellforged servitor gestures at the blizzard demon while chanting.
The crystal spear hits the blizzard demon!!!
The blizzard demon hits your spellforged servitor! x2
Your spellforged servitor gestures at the blizzard demon while chanting.
The crystal spear hits the blizzard demon!!!
The blizzard demon dies!
(D) Dungeon (L) Lair (A) Shoals (N) Spider Nest (M) Slime Pits (O) Orcish Mines (E) Elven Halls (V) Vaults (C) Crypt (W) Tomb (U) Depths (H) Hell (Z) Zot
Where to? (Enter - Depths:3, ? - help) Magic restored.
You see here a +0 flail.
There is an open door here.
Things that are here:
a +0 plate armour; a +0 battleaxe of flaming An Orb Guardian comes into view.
The Orb Guardian moves out of view.
(D) Dungeon (L) Lair (A) Shoals (N) Spider Nest (M) Slime Pits (O) Orcish Mines (E) Elven Halls (V) Vaults (C) Crypt (W) Tomb (U) Depths (H) Hell (Z) Zot
Where to? (Enter - Depths:3, ? - help)
An Orb Guardian is nearby!
A red devil comes into view. It is wielding a +0 trident.
Casting: Spellforged Servitor (mildly dangerous; 2% risk of failure)
Confirm with . or Enter, or press ? or * to list all spells.
You feel a surge of power!
You summon a servant imbued with your destructive magic!
Your spellforged servitor points at the Orb Guardian and mumbles some strange words.
The crystal spear hits the Orb Guardian!!!
The Orb Guardian hits your spellforged servitor!!
Your spellforged servitor casts a spell at the Orb Guardian.
The crystal spear hits the Orb Guardian!!
The Orb Guardian hits your spellforged servitor!!
The Orb Guardian completely misses something.
The Orb Guardian hits your spellforged servitor!!
Your spellforged servitor gestures at the Orb Guardian while chanting.
The crystal spear hits the Orb Guardian!!!
The Orb Guardian dies!
The red devil hits you from afar with a +0 trident.
Barbed spikes become lodged in your body.
The barbs in your skin will harm you if you move.
Continue? [Y]es or [N]o only, please.
The barbs in your skin will harm you if you move.
Continue?
The barbed spikes dig painfully into your body as you move.
The barbed spikes dig painfully into your body as you move.
Your spellforged servitor points at the red devil and mumbles some strange words.
The crystal spear misses the red devil.
The barbed spikes dig painfully into your body as you move.
There is a stone staircase leading up here.
You feel a surge of power!
The iron shot hits the red devil!!!
You kill the red devil!
The barbed spikes dig painfully into your body as you move.
You climb upwards.
Level annotation: exclusions: ettin, kobold demonologist, 2 lorocyprocas and shadow demon
There is a stone staircase leading down here.
A tormentor comes into view.
You carefully extract the barbed spikes from your body.
Casting: Iron Shot (mildly dangerous; 1% risk of failure)
Confirm with . or Enter, or press ? or * to list all spells.
You feel a surge of power!
You summon a servant imbued with your destructive magic!
You feel a surge of power!
The iron shot hits the tormentor!!!
You kill the tormentor!
HP restored.
Your pack is full.
You see here a +0 pair of boots.
A hellwing comes into view.
You feel a surge of power!
The iron shot hits the hellwing!!!
You kill the hellwing!
(D) Dungeon (L) Lair (A) Shoals (N) Spider Nest (M) Slime Pits (O) Orcish Mines (E) Elven Halls (V) Vaults (C) Crypt (W) Tomb (U) Depths (H) Hell (Z) Zot
Where to? (Enter - Depths:3 @ (x,y), ? - help)
Okay, then.
Unknown command.
(D) Dungeon (L) Lair (A) Shoals (N) Spider Nest (M) Slime Pits (O) Orcish Mines (E) Elven Halls (V) Vaults (C) Crypt (W) Tomb (U) Depths (H) Hell (Z) Zot
Where to? (Enter - Depths:3 @ (x,y), ? - help)
A hellwing comes into view.
There is an open door here.
You see here 8 gold pieces.
You feel a surge of power!
The iron shot hits the hellwing!!!
You kill the hellwing!
Things that are here:
a +0 dire flail; a +0 great mace Magic restored.
There is a stone staircase leading up here.
You climb upwards.
Your summoned ally is left behind.
There is a stone staircase leading down here.
There is a stone staircase leading up here.
You climb upwards.
There is a stone staircase leading down here.
A neqoxec comes into view.
You can't go up here!
You feel a surge of power!
The iron shot hits the neqoxec!!!
You kill the neqoxec!
(D) Dungeon (L) Lair (A) Shoals (N) Spider Nest (M) Slime Pits (O) Orcish Mines (E) Elven Halls (V) Vaults (C) Crypt (W) Tomb (U) Depths (H) Hell (Z) Zot
Where to? (Enter - Depths:1 @ (x,y), ? - help)
You see here a scroll of identify.
Magic restored.
You see here a +0 robe.
A sixfirhy comes into view.
There is a staircase back to the Dungeon here.
You climb upwards.
Welcome back to the Dungeon!
There is a staircase to the Depths here.
Things that are here:
a +0 robe; a +0 long sword
There is an open door here.
A cacodemon, an orange demon and 2 sixfirhies come into view.
You can't go up here!
Casting: Iron Shot (mildly dangerous; 1% risk of failure)
Confirm with . or Enter, or press ? or * to list all spells.
You feel a surge of power!
You summon a servant imbued with your destructive magic!
The cacodemon gestures next to the sixfirhy.
Some rock shatters into small pieces.
Your spellforged servitor points at the cacodemon and mumbles some strange words.
The crystal spear hits the cacodemon!!!
Things that are here:
a +0 chain mail; a +4 glaive of protection The sixfirhy attacks as you move away!
The sixfirhy barely misses you.
A tormentor comes into view.
Casting: Spellforged Servitor (mildly dangerous; 2% risk of failure)
Confirm with . or Enter, or press ? or * to list all spells.
You feel a surge of power!
Really refrigerate near your spellforged servitor?
The heat is drained from your surroundings.
The cacodemon is severely wounded.
You kill the sixfirhy!
The orange demon is heavily wounded.
The sixfirhy is severely wounded.
Your spellforged servitor resists.
Your spellforged servitor is lightly damaged.
The tormentor is almost dead.
The sixfirhy misses you.
Unknown command.
Casting: Ozocubu's Refrigeration (dangerous; 2% risk of failure)
Confirm with . or Enter, or press ? or * to list all spells.
You feel a surge of power!
Really refrigerate near your spellforged servitor?
The heat is drained from your surroundings.
The cacodemon is almost dead.
The orange demon is almost dead.
You kill the sixfirhy!
Your spellforged servitor resists.
Your spellforged servitor is lightly damaged.
You kill the tormentor!
Your spellforged servitor points at the orange demon and mumbles some strange words.
The crystal spear hits the cacodemon!!!!
The cacodemon dies!
Unknown command.
Unknown command.
Unknown command.
The orange demon is distracted by your dazzling golden aura.
Magic restored.
Things that are here:
a +0 dagger; a +0 robe; a +0 dagger You see here a +0 giant club.
A ynoxinul comes into view.
There is a stone staircase leading up here.
The ynoxinul gestures at you. The iron shot hits you!
You climb upwards.
Level annotation: exclusion: downstairs
There is a stone staircase leading down here.
You see here a +0 giant club.
A reaper comes into view. It is wielding a +4 scythe of venom.
You block the reaper's attack.
You can't go up here!
Casting: Ozocubu's Refrigeration (dangerous; 2% risk of failure)
Confirm with . or Enter, or press ? or * to list all spells.
You don't know that spell.
Unknown command.
Unknown command.
Casting: Ozocubu's Refrigeration (dangerous; 2% risk of failure)
Confirm with . or Enter, or press ? or * to list all spells.
You feel a surge of power!
You summon a servant imbued with your destructive magic!
The reaper hits you from afar with a +4 scythe of venom!
Casting: Spellforged Servitor (mildly dangerous; 2% risk of failure)
Confirm with . or Enter, or press ? or * to list all spells.
Aiming: Lehudib's Crystal Spear (dangerous; 11% risk of failure)
Press: ? - help, Shift-Dir - straight line, f - reaper
Aim: a reaper, wielding a +4 scythe of venom (ally target, 84% to hit)
You feel a surge of power!
You miscast Lehudib's Crystal Spear.
You are very lightly contaminated with residual magic.
You are blasted with sand.
You block the reaper's attack.
The reaper hits you from afar with a +4 scythe of venom!
The reaper barely misses you. You block the reaper's attack.
Your spellforged servitor points at the reaper and mumbles some strange words.
The crystal spear hits the reaper!!!
Aiming: Dig
Press: ? - help, Shift-Dir - straight line, p - reaper A rock wall.
This square is covered in magical glow.
The rock shatters into small pieces.
The reaper hits your spellforged servitor from afar with a +4 scythe of venom!!
Your spellforged servitor points at the reaper and mumbles some strange words.
The crystal spear hits the reaper!!!
The reaper dies!
There is a stone staircase leading up here.
You climb upwards.
There is a stone staircase leading down here.
HP restored.
Magic restored.
Your magical contamination has completely faded away.
A Tzitzimitl comes into view.
Casting: Lehudib's Crystal Spear (dangerous; 11% risk of failure)
Confirm with . or Enter, or press ? or * to list all spells.
You feel a surge of power!
You summon a servant imbued with your destructive magic!
Casting: Spellforged Servitor (mildly dangerous; 2% risk of failure)
Confirm with . or Enter, or press ? or * to list all spells.
You don't know that spell.
Unknown command.
Casting: Spellforged Servitor (mildly dangerous; 2% risk of failure)
Confirm with . or Enter, or press ? or * to list all spells.
Aiming: Lehudib's Crystal Spear (dangerous; 11% risk of failure)
Press: ? - help, Shift-Dir - straight line, f - Tzitzimitl
Aim: a Tzitzimitl (ally target, 71% to hit)
You feel a surge of power!
The crystal spear hits the Tzitzimitl!!!
The Tzitzimitl is heavily wounded.
Your spellforged servitor casts a spell at the Tzitzimitl.
The crystal spear misses the Tzitzimitl.
Casting: Lehudib's Crystal Spear (dangerous; 11% risk of failure)
Confirm with . or Enter, or press ? or * to list all spells.
Aiming: Lehudib's Crystal Spear (dangerous; 11% risk of failure)
Press: ? - help, Shift-Dir - straight line, f/p - Tzitzimitl
Aim: a Tzitzimitl (heavily wounded, ally target, 71% to hit)
You feel a surge of power!
The crystal spear hits the Tzitzimitl!!!
You kill the Tzitzimitl!
Things that are here:
a +0 shortbow; a +0 longbow An Executioner comes into view.
Casting: Lehudib's Crystal Spear (dangerous; 11% risk of failure)
Confirm with . or Enter, or press ? or * to list all spells.
Aiming: Lehudib's Crystal Spear (dangerous; 11% risk of failure)
Press: ? - help, Shift-Dir - straight line, f - Executioner
Aim: an Executioner (ally target, 73% to hit)
You feel a surge of power!
The crystal spear hits the Executioner!!!!
You kill the Executioner!
An Orb Guardian comes into view.
Casting: Lehudib's Crystal Spear (dangerous; 11% risk of failure)
Confirm with . or Enter, or press ? or * to list all spells.
Aiming: Lehudib's Crystal Spear (dangerous; 11% risk of failure)
Press: ? - help, Shift-Dir - straight line, f - Orb Guardian
Aim: an Orb Guardian (ally target, 78% to hit)
You feel a surge of power!
The crystal spear hits the Orb Guardian!!!!
You kill the Orb Guardian!
Your Earth Magic skill increases to level 17!
There is a stone staircase leading up here.
Unknown command.
You climb upwards.
Your summoned ally is left behind.
There is a stone staircase leading down here.
Magic restored.
An ice devil comes into view.
You can't go up here!
Casting: Lehudib's Crystal Spear (dangerous; 11% risk of failure)
Confirm with . or Enter, or press ? or * to list all spells.
You feel a surge of power!
You summon a servant imbued with your destructive magic!
Your spellforged servitor casts a spell at the ice devil.
The crystal spear hits the ice devil!!!
The ice devil dies!
You now have 2068 gold pieces (gained 6).
You see here a +0 dire flail.
There is a stone staircase leading up here.
You climb upwards.
Your summoned ally is left behind.
There is a stone staircase leading down here.
There is an open door here.
You see here a +0 long sword.
There is a stone staircase leading up here.
You climb upwards.
There is a stone staircase leading down here.
You see here a +0 club.
There is a stone staircase leading up here.
You climb upwards.
There is a stone staircase leading down here.
There is an escape hatch in the ceiling here.
A mysterious force pulls you upwards. The hatch slams shut behind you.
A Hell Sentinel comes into view.
Unknown command.
Casting: Spellforged Servitor (mildly dangerous; 1% risk of failure)
Confirm with . or Enter, or press ? or * to list all spells.
You feel a surge of power!
You summon a servant imbued with your destructive magic!
Casting: Spellforged Servitor (mildly dangerous; 1% risk of failure)
Confirm with . or Enter, or press ? or * to list all spells.
Aiming: Lehudib's Crystal Spear (dangerous; 11% risk of failure)
Press: ? - help, Shift-Dir - straight line, f - Hell Sentinel
Aim: a Hell Sentinel (ally target, 98% to hit)
You feel a surge of power!
The crystal spear hits the Hell Sentinel!!!!
The Hell Sentinel is heavily wounded.
The Hell Sentinel gestures at you. The iron shot hits you!!!
Your spellforged servitor gestures at the Hell Sentinel while chanting.
The crystal spear hits the Hell Sentinel!!!
Casting: Lehudib's Crystal Spear (dangerous; 11% risk of failure)
Confirm with . or Enter, or press ? or * to list all spells.
Aiming: Lehudib's Crystal Spear (dangerous; 11% risk of failure)
Press: ? - help, Shift-Dir - straight line, f/p - Hell Sentinel
Aim: a Hell Sentinel (severely wounded, not watching you, ally target, 98% to hit)
You feel a surge of power!
The crystal spear hits the Hell Sentinel!!!!
You kill the Hell Sentinel!
You open the door.
There is an open door here.
There is a stone staircase leading up here.
You climb upwards.
Your summoned ally is left behind.
There is a stone staircase leading down here.
There is an open door here.
An Orb Guardian comes into view.
You can't go up here!
Casting: Lehudib's Crystal Spear (dangerous; 11% risk of failure)
Confirm with . or Enter, or press ? or * to list all spells.
You can't see any susceptible monsters within range! (Use Z to cast anyway.) Unknown command.
There is an escape hatch in the ceiling here.
Casting: Lehudib's Crystal Spear (dangerous; 11% risk of failure)
Confirm with . or Enter, or press ? or * to list all spells.
Aiming: Lehudib's Crystal Spear (dangerous; 11% risk of failure)
Press: ? - help, Shift-Dir - straight line, f - Orb Guardian
Aim: an Orb Guardian (78% to hit)
You feel a surge of power!
The crystal spear hits the Orb Guardian!!!
The Orb Guardian is severely wounded.
Casting: Lehudib's Crystal Spear (dangerous; 11% risk of failure)
Confirm with . or Enter, or press ? or * to list all spells.
Aiming: Lehudib's Crystal Spear (dangerous; 11% risk of failure)
Press: ? - help, Shift-Dir - straight line, f/p - Orb Guardian
Aim: an Orb Guardian (severely wounded, 78% to hit)
You feel a surge of power!
The crystal spear hits the Orb Guardian!!!
You kill the Orb Guardian!
A mysterious force pulls you upwards. The hatch slams shut behind you.
There is an open door here.
HP restored.
Magic restored.
There is an open door here.
Items here: ! ))).
There is a large open door here.
You enter the shallow water.
Moving in this stuff is going to be slow.
You see here a +0 club.
There is a stone staircase leading up here.
You climb upwards.
Level annotation: exclusion: ice beast
There is a stone staircase leading down here.
There is an open door here.
There is an escape hatch in the ceiling here.
A mysterious force pulls you upwards. The hatch slams shut behind you.
A Tzitzimitl comes into view.
You can't go up here!
Casting: Lehudib's Crystal Spear (dangerous; 11% risk of failure)
Confirm with . or Enter, or press ? or * to list all spells.
Aiming: Lehudib's Crystal Spear (dangerous; 11% risk of failure)
Press: ? - help, Shift-Dir - straight line, f - Tzitzimitl
Aim: a Tzitzimitl (71% to hit)
You feel a surge of power!
The crystal spear hits the Tzitzimitl!!!!
The Tzitzimitl is almost dead.
Casting: Lehudib's Crystal Spear (dangerous; 11% risk of failure)
Confirm with . or Enter, or press ? or * to list all spells.
Aiming: Lehudib's Crystal Spear (dangerous; 11% risk of failure)
Press: ? - help, Shift-Dir - straight line, f/p - Tzitzimitl
Aim: a Tzitzimitl (almost dead, 71% to hit)
You feel a surge of power!
The crystal spear hits the Tzitzimitl!!!!
You kill the Tzitzimitl!
A daeva comes into view.
It is wielding a +3 long sword of holy wrath.
You can't go up here!
There is a stone staircase leading up here.
The daeva calls down the wrath of the Shining One upon you.
The Shining One smites you!
You climb upwards.
There is a stone staircase leading down here.
There is a stone staircase leading up here.
HP restored.
Magic restored.
You climb upwards.
There is a stone staircase leading down here.
There is a stone staircase leading up here.
You climb upwards.
There is a stone staircase leading down here.
You see here a +0 dagger.
You see here a +0 ring mail.
There is a shaft here.
There is a staircase leading out of the dungeon here.
You have escaped!

........................#'#..#'##
.................................
..........................(......
.............#########...........
########.###.# ####........ #.#
#.######### ######### #.#
#.#.......# #...##.. #.#
#.#######.#####.#.#### #.#
#...#@^.#...#...#...#.
#.#####.###.#.#.#.#####.#.
#.....#...#...#.....# #...
#####.###.#########.######
#.....# #.#.....#... ###.###
#.#.###.#.## #...# #...# #...#.
#.### ###.#.###.###. #...###
#.(.#.....#...


There were no monsters in sight!

Vanquished Creatures
  the Royal Jelly (Slime:5)
  Dissolution (Slime:3)
  4 dread liches (Zot:5)
  2 ancient liches (Zot:5)
  3 orbs of fire
  A royal mummy (Crypt:1)
  A Killer Klown (Zot:5)
  3 curse toes
  2 profane servitors
  Geryon (Hell)
  5 golden dragons
  A Hellbinder (WizLab)
  2 bone dragons (Depths:4)
  An electric golem (Zot:3)
  2 Tzitzimimeh
  10 tentacled monstrosities
  Jorgrun (D:15)
  A Hell Sentinel (D:8)
  Rupert (D:14)
  A lich (Depths:4)
  13 Orb Guardians
  A deep elf master archer (Elf:3)
  3 quicksilver dragons
  6 titans (Zot:2)
  A sphinx (Vaults:2)
  A deep elf blademaster (Elf:3)
  An Executioner (D:13)
  12 acid blobs
  5 death cobs
  7 storm dragons
  3 ancient champions
  Donald (Vaults:1)
  Agnes (D:15)
  A thorn hunter (Depths:3)
  A tengu reaver (Depths:2)
  4 draconian monks
  3 shadow dragons
  2 rockslimes (Slime:5)
  6 azure jellies
  3 revenants
  Roxanne (D:15)
  6 fire giants
  9 deep elf sorcerers
  Aizul (Vaults:1)
  2 draconian scorchers
  4 draconian knights
  4 emperor scorpions (Spider:4)
  3 curse skulls
  11 ghost moths
  Louise (Spider:3)
  17 vault wardens
  A caustic shrike zombie (Crypt:3)
  10 draconian shifters
  4 draconian stormcallers
  8 quicksilver oozes
  11 ironbound preservers
  2 balrugs
  8 deep elf elementalists (Elf:3)
  A spriggan defender (Depths:2)
  4 stone giants
  A broodmother (Spider:2)
  3 war gargoyles
  6 draconian annihilators
  27 very ugly things
  5 deep elf demonologists
  8 vampire knights
  A demonspawn black sun (WizLab)
  A juggernaut skeleton (Crypt:3)
  8 green draconians
  9 ironbound thunderhulks
  8 deep elf annihilators (Elf:3)
  6 black draconians
  12 dire elephants
  5 yellow draconians
  The ghost of mkat the Reanimator, a journeyman DsCK of Xom (Lair:5)
  9 purple draconians
  10 white draconians
  5 entropy weavers
  6 spark wasps
  The ghost of sleeves the Destroyer, a journeyman DEHW of Sif Muna (D:14)
  7 red draconians
  2 pearl dragon zombies (Depths:2)
  A blizzard demon (WizLab)
  2 crystal guardians
  9 deep elf death magi
  2 eidola
  3 ettins
  3 mummy priests (Crypt:1)
  A green death (WizLab)
  21 yaktaur captains
  4 merfolk javelineers
  6 merfolk impalers
  5 fire dragons
  A spectral quicksilver dragon (Crypt:1)
  7 great orbs of eyes
  A spectral spriggan (Crypt:1)
  2 rakshasas
  3 deep elf high priests
  9 jiangshi
  3 hell beasts (WizLab)
  7 hydras
  An ice dragon (Depths:4)
  Fannar (D:11)
  3 peacekeepers
  3 jorogumos
  12 boulder beetles
  Erolcha (D:10)
  6 ironbound frosthearts
  3 spriggan air magi
  17 vault guards
  3 merfolk avatars
  A catoblepas (D:14)
  3 merfolk aquamancers (Shoals:3)
  14 two-headed ogres
  25 centaur warriors
  3 ogre magi
  An alligator snapping turtle (Shoals:1)
  4 satyrs (Shoals:4)
  10 hell hogs
  2 radroaches
  4 deep troll shamans
  5 tengu warriors
  6 death yaks
  13 dancing weapons
  2 death knights
  8 vampire magi
  5 spriggan berserkers
  7 deep troll earth magi
  4 orc high priests
  8 sun demons
  4 soul eaters
  4 shadow wraiths
  6 deep elf knights
  7 iron trolls
  6 hell knights (Depths:4)
  3 sixfirhies
  A spectral bunyip (Crypt:1)
  23 sea snakes
  2 pharaoh ants
  21 skeletal warriors
  A death drake (shapeshifter) (D:15)
  Lodul (D:10)
  27 deep trolls
  A storm dragon zombie (Vaults:4)
  2 sun moths
  9 steelbarb worms
  3 flayed ghosts
  A shadow demon (WizLab)
  4 glowing orange brains
  A spriggan simulacrum (Shoals:2)
  A spectral iron dragon (Crypt:1)
  An entropy weaver zombie (Crypt:3)
  A tengu zombie (Vaults:4)
  10 phantasmal warriors
  4 orb spiders
  9 lindwurms
  24 deep elf pyromancers
  2 nameless horrors
  An anaconda skeleton (Crypt:2)
  21 ironbound convokers
  2 orc knights
  7 necromancers
  44 harpies
  5 wizards
  8 deep elf archers
  7 orc sorcerers
  A mana viper (shapeshifter) (Elf:3)
  A cyclops (shapeshifter) (D:14)
  7 cyclopes
  48 ugly things
  13 wolf spiders
  18 deep elf zephyrmancers
  A fire giant zombie (Vaults:4)
  An iron dragon zombie (Vaults:4)
  A spectral ettin (Crypt:1)
  12 manticores
  15 fauns (Shoals:4)
  21 moths of wrath
  5 shining eyes
  A faun (shapeshifter) (Vaults:4)
  An oklob plant (Depths:3)
  An elephant (shapeshifter) (Depths:2)
  A centaur zombie (Hell)
  A stone giant skeleton (Vaults:4)
  5 merfolk sirens
  4 apis skeletons (Depths:2)
  3 black mambas
  3 water nymphs
  8 elephants (Lair:5)
  18 vault sentinels
  A torpor snail (shapeshifter) (D:15)
  5 rust devils
  A molten gargoyle (D:15)
  4 eyes of devastation
  A gargoyle (D:13)
  10 torpor snails
  11 cane toads
  26 demonic crawlers
  4 hellions
  2 orange demons (WizLab)
  10 smoke demons
  3 rime drakes (Lair:5)
  2 efreet (D:14)
  A dire elephant skeleton (Crypt:3)
  An unseen horror (shapeshifter) (D:15)
  2 sea snake zombies (Hell)
  A catoblepas zombie (Crypt:3)
  A yaktaur zombie (Vaults:3)
  2 tormentors
  12 komodo dragons
  3 ice devils (WizLab)
  7 freezing wraiths
  45 yaktaurs
  An anaconda simulacrum (Shoals:2)
  6 hellwings
  3 red devils
  2 spectral harpies (Crypt:1)
  2 tengu conjurers
  10 trolls
  21 merfolk
  4 guardian mummies (Crypt:1)
  A harpy zombie (Hell)
  2 polar bears (Lair:5)
  3 human zombies
  3 meliai (Spider:4)
  8 wind drakes
  4 hornets
  14 tarantellas
  12 dream sheep
  A hornet (shapeshifter) (Elf:3)
  A slime creature (shapeshifter) (Elf:1)
  A shadow dragon simulacrum (Vaults:4)
  86 slime creatures
  4 blink frogs
  16 snapping turtles
  A harpy skeleton (Crypt:1)
  16 jumping spiders
  A guardian serpent skeleton (Crypt:1)
  An air elemental (Elf:2)
  A black mamba zombie (Crypt:2)
  2 dire elephant simulacra (Shoals:2)
  16 culicivoras
  A ynoxinul (WizLab)
  A spriggan (Depths:3)
  55 yaks
  16 water elementals
  2 fire elementals
  5 vampires
  A shadow (D:15)
  7 wraiths
  4 basilisks
  6 wyverns
  A steam dragon (Lair:5)
  21 golden eyes
  A catoblepas simulacrum (Lair:5)
  50 redbacks
  2 neqoxecs
  A death yak simulacrum (Lair:5)
  8 wargs
  3 harpy simulacra
  A minotaur simulacrum (Shoals:2)
  2 glowing shapeshifter zombies
  10 water moccasins
  A deep troll skeleton (Crypt:1)
  2 glowing shapeshifter skeletons
  A hydra simulacrum (Lair:5)
  A swamp drake (D:10)
  28 orc warriors
  2 sky beasts (D:6)
  A black bear (shapeshifter) (D:14)
  3 black bears
  A dream sheep zombie (Crypt:2)
  A cane toad skeleton (Crypt:1)
  21 ogres
  A boggart (shapeshifter) (Elf:3)
  8 centaurs
  5 wolves (Lair:1)
  2 phantoms (D:6)
  2 kobold brigands
  A fire crab zombie (Crypt:3)
  7 bullfrogs
  A deep troll simulacrum (Shoals:2)
  A scorpion (D:6)
  2 earth elementals (Elf:1)
  3 glowing shapeshifter simulacra
  4 necrophages
  2 cane toad simulacra (Lair:5)
  2 raiju zombies
  4 killer bees (D:8)
  A lindwurm simulacrum (Shoals:2)
  3 spriggan zombies
  10 electric eels
  A jelly (D:8)
  3 howler monkeys
  A komodo dragon simulacrum (Lair:5)
  A lava snake (D:15)
  A black bear zombie (Crypt:1)
  2 hounds
  A gnoll bouda (Orc:1)
  29 orc priests
  A human skeleton (Crypt:2)
  5 iguanas
  42 orc wizards
  An acid dragon zombie (Crypt:2)
  An ogre zombie (Crypt:1)
  29 gnolls
  5 adders
  2 shadow imps (D:5)
  3 white imps
  2 worms (D:2)
  3 dart slugs
  110 orcs
  7 ball pythons
  12 bats
  A bat zombie (Crypt:2)
  6 endoplasms
  2 gnoll zombies (Crypt:3)
  35 goblins
  38 hobgoblins
  5 jackals
  5 quokkas
  A ball python skeleton (Crypt:1)
  An endoplasm zombie (Crypt:2)
  2 frilled lizards (D:2)
  25 kobolds
  8 rats
2205 creatures vanquished.

Vanquished Creatures (collateral kills)
  An ancient lich (Zot:5)
  2 orbs of fire
  A Killer Klown (Zot:5)
  2 curse toes (Zot:3)
  3 golden dragons
  The ghost of XxsatanxX the Executioner, an adept MiBe of Trog (Depths:3)
  A bone dragon (Crypt:3)
  4 electric golems
  6 tentacled monstrosities
  8 Orb Guardians
  A quicksilver dragon (Zot:3)
  5 titans (Zot:2)
  7 ancient champions
  9 acid blobs
  2 death cobs
  3 storm dragons
  2 shadow dragons
  A revenant (Crypt:3)
  3 rockslimes
  10 azure jellies
  3 draconian knights
  2 draconian monks
  A frost giant (D:14)
  A draconian shifter (Zot:3)
  A cacodemon (D:15)
  2 draconian scorchers
  2 ghouls (Crypt:3)
  A draconian stormcaller (Zot:5)
  4 reapers
  2 draconian annihilators (Zot:2)
  4 quicksilver oozes
  4 vampire knights
  8 green draconians
  A spectral titan (Crypt:1)
  8 purple draconians
  3 white draconians
  A red draconian (Zot:3)
  6 yellow draconians
  3 black draconians
  An eidolon (Crypt:2)
  A blizzard demon (Depths:4)
  A spectral quicksilver dragon (Crypt:1)
  An ettin (D:14)
  A quicksilver dragon zombie (Crypt:2)
  7 jiangshi
  A spriggan zombie (Crypt:2)
  4 great orbs of eyes
  A spectral spriggan (Crypt:1)
  A spectral stone giant (Crypt:1)
  A two-headed ogre (D:14)
  A death knight (Crypt:2)
  A vampire mage (Crypt:3)
  A storm dragon zombie (Crypt:2)
  2 soul eaters
  13 skeletal warriors
  A spectral catoblepas (Crypt:1)
  A spectral anaconda (Crypt:1)
  A glowing orange brain (Depths:3)
  A bunyip skeleton (Hell)
  2 flayed ghosts (Crypt:2)
  7 phantasmal warriors
  An obsidian statue (Crypt:1)
  A stone giant zombie (Crypt:2)
  4 necromancers
  A shining eye (Slime:4)
  A human zombie (Crypt:1)
  A manticore (D:14)
  10 moths of wrath
  An eleionoma skeleton (Crypt:3)
  A stone giant skeleton (Crypt:1)
  A spectral centaur (Crypt:1)
  A rust devil (Hell)
  4 eyes of devastation
  A smoke demon (Hell)
  A freezing wraith (Crypt:2)
  An ice devil (D:12)
  A pale draconian skeleton (Crypt:2)
  An alligator snapping turtle skeleton (Crypt:3)
  4 guardian mummies (Crypt:1)
  A spectral naga (Crypt:1)
  An iron troll skeleton (Crypt:3)
  3 harpy skeletons
  15 slime creatures
  2 vampires (Crypt:3)
  An ettin skeleton (Crypt:1)
  2 wraiths (Crypt:2)
  2 golden eyes (Slime:2)
  A harpy simulacrum (Crypt:3)
  A sea snake simulacrum (Hell)
  A spriggan skeleton (Crypt:1)
  A ball python skeleton (Crypt:2)
247 creatures vanquished.

Vanquished Creatures (others)
  An ancient lich (Zot:5)
  Nikola (Shoals:4)
  4 Orb Guardians (Zot:5)
  A death cob (Zot:5)
  A draconian knight (Zot:5)
  A draconian stormcaller (Zot:5)
  A deep elf demonologist (Elf:3)
  2 green draconians (Zot:5)
  3 yellow draconians (Zot:5)
  A purple draconian (Zot:5)
  A meliai simulacrum (D:14)
  33 fungi
  405 plants
  21 withered plants (D:1)
476 creatures vanquished.

Grand Total: 2928 creatures vanquished

Notes
Turn   | Place    | Note
-------+----------+-------------------------------------------
     0 | D:1      | sleeves the Mummy Wanderer began the quest for the Orb.
     0 | D:1      | sleeves set off with the following items: a +0 dagger, a +0
                  | cloak, a scroll of fear, a +0 leather armour, a scroll of
                  | teleportation; and the following spell memorised: Freeze;
                  | and the following spells available to memorise: Frozen
                  | Ramparts, Hailstorm.
     0 | D:1      | Reached XP level 1. HP: 15/15 MP: 4/4
   186 | D:1      | Reached XP level 2. HP: 18/21 MP: 2/5
   228 | D:1      | Reached skill level 3 in Ice Magic
   836 | D:1      | Gained mutation: You are in touch with the powers of death.
                  | [Mummy growth]
   836 | D:1      | Reached XP level 3. HP: 26/26 MP: 7/7
   841 | D:1      | Found a faded altar of an unknown god.
  1654 | D:2      | Reached skill level 4 in Ice Magic
  1755 | D:2      | Reached XP level 4. HP: 20/32 MP: 4/8
  2610 | D:3      | Reached XP level 5. HP: 26/37 MP: 9/9
  2803 | D:3      | Found a stormy altar of Qazlal.
  2836 | D:4      | Found Hecu's Antique Armour Emporium.
  2849 | D:3      | Found a shimmering altar of Xom.
  3160 | D:3      | Found an iron altar of Okawaru.
  3264 | D:3      | Found a hazy altar of Hepliaklqana.
  3264 | D:3      | Found a radiant altar of Vehumet.
  3285 | D:3      | Found a shadowy altar of Dithmenos.
  3293 | D:3      | Learned a level 3 spell: Frozen Ramparts
  3495 | D:3      | Reached skill level 5 in Ice Magic
  3811 | D:3      | Reached XP level 6. HP: 28/43 MP: 5/10
  4492 | D:4      | HP: 17/43 [gnoll/+0 trident (7)]
  4493 | D:4      | HP: 8/43 [gnoll/+0 trident (9)]
  4509 | D:4      | HP: 7/43 [jackal (3)]
  4513 | D:3      | Reached skill level 6 in Ice Magic
  5339 | D:4      | Learned a level 4 spell: Hailstorm
  5444 | D:5      | Entered Level 5 of the Dungeon
  5444 | D:5      | Noticed a water moccasin
  5451 | D:5      | Killed a water moccasin
  5452 | D:5      | Reached skill level 1 in Conjurations
  5452 | D:5      | Reached XP level 7. HP: 48/48 MP: 3/11
  5515 | D:5      | Identified the +5 sling "Molavum" {venom, rF++ Stlth+}
  5672 | D:5      | You fall into a shaft and drop 1 floor!
  5677 | D:6      | Found Xireenus's Weapon Boutique.
  6564 | D:6      | Reached skill level 2 in Conjurations
  6744 | D:6      | Reached skill level 7 in Ice Magic
  6759 | D:6      | HP: 22/48 [phantom (4)]
  6761 | D:6      | Reached skill level 3 in Conjurations
  6943 | D:6      | Found Dalydweb's Antique Weapon Boutique.
  6981 | D:6      | Found Sihoront's Magic Scroll Emporium.
  7091 | D:6      | Found Ifoh's Magic Scroll Shoppe.
  7149 | D:6      | Reached XP level 8. HP: 45/54 MP: 12/12
  7370 | D:6      | HP: 26/54 [phantom (3)]
  7376 | D:6      | HP: 18/54 [phantom (4)]
  7568 | D:6      | Reached skill level 4 in Conjurations
  7622 | D:6      | HP: 19/54 [electric eel/bolt of electricity (12)]
  8079 | D:6      | Found Senood's Distillery.
  8551 | D:5      | HP: 26/54 [necrophage (4)]
  8553 | D:5      | Reached skill level 8 in Ice Magic
  8842 | D:6      | HP: 26/54 [electric eel/bolt of electricity (11)]
  9182 | D:6      | Reached skill level 5 in Conjurations
  9720 | D:6      | HP: 26/54 [iguana (13)]
  9722 | D:6      | Reached XP level 9. HP: 28/59 MP: 3/13
 11117 | D:7      | Reached skill level 6 in Conjurations
 11122 | D:7      | Reached skill level 9 in Ice Magic
 11517 | D:7      | Found an opulent altar of Gozag.
 11610 | D:7      | Became a worshipper of Gozag Ym Sagoz the Greedy
 12074 | D:8      | Found a flagged portal.
 12079 | Bailey   | Entered a bailey
 12144 | Bailey   | HP: 28/59 [orc warrior/+0 broad axe (11)]
 12330 | Bailey   | Noticed an orc knight
 12530 | D:8      | Noticed a two-headed ogre
 12829 | D:8      | Noticed a two-headed ogre
 12850 | D:8      | Killed a two-headed ogre
 12851 | D:8      | Reached skill level 7 in Conjurations
 12959 | D:8      | Found an ancient bone altar of Kikubaaqudgha.
 12960 | D:8      | Found an ornate altar of the Wu Jian Council.
 13276 | D:8      | Killed a two-headed ogre
 13277 | D:8      | Reached skill level 3 in Spellcasting
 13277 | D:8      | Reached skill level 10 in Ice Magic
 13277 | D:8      | Reached XP level 10. HP: 65/65 MP: 2/15
 13419 | D:9      | Reached skill level 4 in Spellcasting
 13641 | D:9      | Reached skill level 8 in Conjurations
 13644 | D:9      | HP: 32/65 [orc warrior/+0 morningstar (19)]
 13646 | D:9      | Reached skill level 5 in Spellcasting
 13983 | D:9      | Found a staircase to the Orcish Mines.
 14405 | D:9      | Reached skill level 6 in Spellcasting
 14526 | D:9      | Reached skill level 7 in Spellcasting
 14990 | D:9      | Reached skill level 9 in Conjurations
 15260 | D:10     | Entered Level 10 of the Dungeon
 15265 | D:10     | Learned a level 3 spell: Swiftness
 15413 | D:10     | Noticed Erolcha
 15505 | D:10     | HP: 29/65 [orc warrior/bolt (14)]
 15784 | D:10     | Reached XP level 11. HP: 70/70 MP: 10/22
 15877 | D:10     | Reached skill level 8 in Spellcasting
 15893 | D:10     | Reached skill level 1 in Air Magic
 16064 | D:10     | Found a shimmering blue altar of Sif Muna.
 16281 | D:11     | Noticed a boulder beetle
 16409 | D:11     | Reached skill level 2 in Air Magic
 16546 | D:10     | Noticed Lodul
 16606 | D:10     | Reached skill level 3 in Air Magic
 16652 | D:10     | Found a staircase to the Lair.
 16705 | D:10     | Learned a level 4 spell: Sticky Flame
 16706 | Lair:1   | Entered Level 1 of the Lair of Beasts
 17010 | Lair:1   | Reached skill level 4 in Air Magic
 17187 | Lair:1   | Noticed an eight-headed hydra
 17198 | Lair:1   | Killed an eight-headed hydra
 17411 | Lair:1   | Reached skill level 10 in Conjurations
 17769 | Lair:1   | Reached skill level 5 in Air Magic
 18326 | Lair:2   | HP: 35/70 [yak (11)]
 18587 | Lair:2   | Identified a scroll of acquirement
 18588 | Lair:2   | Acquired 855 gold pieces
 18734 | Lair:2   | Found a staircase to the Shoals.
 18907 | Lair:2   | HP: 35/70 [redback (7)]
 19120 | Lair:2   | Reached skill level 1 in Shields
 19120 | Lair:2   | Reached skill level 11 in Conjurations
 19420 | Lair:2   | Reached XP level 12. HP: 57/76 MP: 12/24
 19548 | Lair:2   | Found a hole to the Spider Nest.
 19949 | Lair:2   | Noticed a death yak
 19949 | Lair:2   | Noticed a death yak
 19977 | Lair:2   | Killed a death yak
 19978 | Lair:2   | Reached skill level 2 in Shields
 19978 | Lair:2   | Reached skill level 9 in Spellcasting
 20106 | Lair:2   | Noticed a death yak
 20135 | Lair:2   | Killed a death yak
 20270 | Lair:2   | Noticed a death yak
 20271 | Lair:2   | Killed a death yak
 20323 | Lair:2   | Killed a death yak
 20765 | Lair:3   | Reached skill level 3 in Shields
 21127 | Lair:3   | Learned a level 4 spell: Passage of Golubria
 21973 | Lair:4   | Reached skill level 10 in Spellcasting
 22246 | Lair:4   | Noticed a death yak
 22261 | Lair:4   | Noticed a death yak
 22266 | Lair:4   | Killed a death yak
 22267 | Lair:4   | Reached skill level 4 in Shields
 22557 | Lair:4   | HP: 31/76 [death yak[a torpor snail] (25)]
 22559 | Lair:4   | Killed a death yak
 22793 | Lair:4   | HP: 35/76 [torpor snail (7)]
 23512 | Lair:5   | Entered Level 5 of the Lair of Beasts
 23512 | Lair:5   | Found a runed translucent gate.
 23575 | Lair:4   | HP: 30/76 [yak (14)]
 24076 | Orc:1    | Entered Level 1 of the Orcish Mines
 24097 | Orc:1    | Reached skill level 11 in Spellcasting
 24211 | Orc:1    | Reached skill level 12 in Conjurations
 24365 | Orc:1    | Reached skill level 5 in Shields
 24523 | Orc:2    | Entered Level 2 of the Orcish Mines
 24767 | Orc:2    | Found a staircase to the Elven Halls.
 25265 | Orc:1    | HP: 33/76 [orc warrior/bolt (8)]
 25272 | Orc:2    | Gained mutation: You are strongly in touch with the powers
                  | of death. [Mummy growth]
 25272 | Orc:2    | Reached XP level 13. HP: 33/81 MP: 1/28
 26806 | Orc:2    | Reached skill level 6 in Shields
 26811 | Orc:2    | Reached skill level 12 in Spellcasting
 27261 | Orc:2    | Paralysed by an orc sorcerer for 3 turns
 27592 | Orc:2    | Found Qerchixyi's Armour Shoppe.
 27592 | Orc:2    | Found Unado's Antique Weapon Emporium.
 27593 | Orc:2    | Found Ucemarrudo's General Store.
 27597 | Orc:2    | Found Zaxyzeica's Antique Weapon Shoppe.
 27845 | D:9      | Bought the Essays on Vapourous Execration for 576 gold
                  | pieces
 27851 | D:9      | Learned a level 5 spell: Freezing Cloud
 27894 | D:10     | Reached skill level 7 in Shields
 28102 | D:11     | HP: 29/81 [boulder beetle (52)]
 28115 | D:11     | HP: 26/81 [boulder beetle (6)]
 28437 | D:11     | Noticed Fannar
 28452 | D:11     | Killed Fannar
 28915 | D:11     | HP: 39/81 [cloud of freezing vapour (2)]
 28916 | D:11     | HP: 18/81 [cloud of freezing vapour (6)]
 30688 | Spider:1 | Entered Level 1 of the Spider Nest
 30711 | Spider:1 | Reached skill level 8 in Shields
 30955 | Lair:2   | Learned a level 6 spell: Iron Shot
 30961 | Lair:2   | Learned a level 5 spell: Iskenderun's Battlesphere
 30963 | Lair:2   | Learned a level 1 spell: Shock
 31784 | D:12     | Reached skill level 1 in Earth Magic
 32833 | D:12     | Reached skill level 2 in Earth Magic
 33090 | D:13     | HP: 40/81 [centaur warrior/arrow (15)]
 33911 | D:13     | Reached XP level 14. HP: 88/88 MP: 18/30
 33914 | D:13     | Reached skill level 3 in Earth Magic
 34458 | D:14     | Reached skill level 9 in Shields
 34803 | D:14     | HP: 41/88 [meliai simulacrum (5)]
 35277 | D:14     | Reached skill level 4 in Earth Magic
 35482 | D:14     | Found a gate to the Vaults.
 35483 | D:14     | Noticed an ironbound preserver
 35710 | D:14     | Found a transporter.
 35710 | D:14     | Noticed sleeves's ghost (journeyman DEHW)
 35903 | D:14     | Killed an ironbound preserver
 36087 | D:14     | HP: 40/88 [efreet/bolt of fire (48)]
 36105 | D:14     | HP: 27/88 [centaur warrior/arrow (16)]
 36859 | D:14     | Found a transporter.
 36867 | D:14     | Noticed a frost giant
 36935 | D:14     | Noticed a fire giant
 37183 | D:15     | Entered Level 15 of the Dungeon
 37232 | D:15     | Noticed Rupert
 37950 | D:4      | Bought a pair of embroidered boots for 225 gold pieces
 38468 | Spider:1 | Reached skill level 5 in Earth Magic
 38596 | Spider:1 | Reached skill level 13 in Conjurations
 38606 | Spider:1 | Reached skill level 1 in Stealth
 38679 | Spider:1 | HP: 42/88 [entropy weaver (12)]
 39238 | Spider:1 | Reached skill level 2 in Stealth
 39497 | Spider:1 | Reached skill level 10 in Shields
 39857 | Spider:1 | HP: 44/88 [jumping spider (5)]
 39859 | Spider:1 | Reached skill level 3 in Stealth
 40542 | Shoals:1 | Entered Level 1 of the Shoals
 40543 | Shoals:1 | sleeves: sup
 40867 | Shoals:1 | Reached skill level 6 in Earth Magic
 41036 | Shoals:1 | Identified the +0 robe of the Wilderness {rElec Int+8
                  | Archmagi}
 41061 | Shoals:1 | CougarLife: yo
 41075 | Shoals:1 | Reached skill level 4 in Stealth
 41218 | Shoals:1 | sleeves: hows it going
 41218 | Shoals:1 | CougarLife: its alright
 41218 | Shoals:1 | sleeves: u have any runs going?
 41263 | Shoals:1 | CougarLife: not yet
 41330 | Shoals:1 | sleeves: you gonna keep going on EE?
 41330 | Shoals:1 | CougarLife: yeah prolly
 41330 | Shoals:1 | CougarLife: until i show my cousin the game
 41330 | Shoals:1 | CougarLife: then ill play some mifi as an example
 41330 | Shoals:1 | sleeves: ima keep suggesting to play a stabber of oka
 41330 | Shoals:1 | sleeves: XD
 41371 | Shoals:1 | sleeves: holy robe
 41371 | Shoals:1 | CougarLife: +8 and archmagi
 41371 | Shoals:1 | CougarLife: wild
 41417 | Shoals:1 | Reached XP level 15. HP: 62/93 MP: 20/31
 41588 | Shoals:1 | sleeves: they needa give mummies more willpower or
                  | something
 41942 | Shoals:2 | Found a frozen archway.
 41955 | Shoals:2 | HP: 41/93 [dire elephant simulacrum (10)]
 42046 | Shoals:2 | HP: 38/93 [merfolk siren/+0 spear (14)]
 42861 | Shoals:1 | Reached skill level 5 in Stealth
 43166 | Shoals:1 | Reached skill level 7 in Earth Magic
 43943 | Shoals:2 | Reached skill level 11 in Shields
 44563 | Shoals:2 | Reached skill level 6 in Stealth
 44780 | Shoals:3 | Found Roexto's Antique Weapon Shop.
 45468 | Shoals:3 | HP: 44/93 [cloud of freezing vapour (14)]
 45878 | Shoals:3 | Reached skill level 8 in Earth Magic
 45879 | Shoals:3 | HP: 38/93 [sea snake (10)]
 45880 | Shoals:3 | Reached skill level 1 in Translocations
 46193 | Shoals:3 | Found Enawk's Distillery.
 46281 | Shoals:3 | Found Sifut's Weapon Shoppe.
 46286 | Shoals:4 | Entered Level 4 of the Shoals
 46400 | Shoals:4 | Noticed Nikola
 46449 | Shoals:3 | Reached skill level 2 in Translocations
 46932 | Shoals:4 | Noticed Mara
 46987 | Shoals:4 | HP: 32/93 [Nikola/arc of chain lightning (37)]
 46987 | Shoals:4 | Killed Nikola
 46988 | Shoals:4 | Reached skill level 3 in Translocations
 46988 | Shoals:4 | Reached XP level 16. HP: 35/99 MP: 1/32
 47604 | Shoals:4 | Reached skill level 12 in Shields
 48273 | Shoals:4 | Identified the ring "Nivoso" {Ice Int+4}
 48275 | Shoals:4 | Reached skill level 9 in Earth Magic
 48332 | Shoals:4 | Reached skill level 4 in Translocations
 48690 | Shoals:4 | HP: 42/99 [harpy (11)]
 49239 | Shoals:3 | HP: 48/99 [harpy (3)]
 49856 | Shoals:4 | Reached skill level 5 in Translocations
 50022 | Shoals:4 | Found the +3 pair of seven-league boots {Rampage+∞}
 50058 | Shoals:4 | Noticed sleeves's illusion
 50352 | Shoals:4 | Got a barnacled rune of Zot
 50592 | Shoals:4 | Found Sozacroi's Antique Armour Boutique.
 50600 | Shoals:4 | Bought a runed cloak for 232 gold pieces
 51190 | Elf:1    | Entered Level 1 of the Elven Halls
 51745 | Elf:1    | You fall into a shaft and drop 1 floor!
 51765 | Elf:2    | Found a runed translucent gate.
 51765 | Elf:2    | Found a runed translucent gate.
 51765 | Elf:2    | Found a runed translucent gate.
 52016 | Elf:2    | Reached skill level 10 in Earth Magic
 52195 | Elf:2    | Reached skill level 6 in Translocations
 52280 | Elf:3    | Entered Level 3 of the Elven Halls
 52692 | D:6      | Bought 2 scrolls of teleportation for 66 gold pieces
 52692 | D:6      | Bought a scroll of blinking for 82 gold pieces
 52692 | D:6      | Bought a scroll of teleportation for 33 gold pieces
 52729 | D:6      | Bought a scroll of teleportation for 39 gold pieces
 52729 | D:6      | Bought a scroll of blinking for 97 gold pieces
 52729 | D:6      | Bought a scroll of fear for 52 gold pieces
 52867 | Orc:2    | Bought a scroll of magic mapping for 127 gold pieces
 52867 | Orc:2    | Bought a scroll of teleportation for 51 gold pieces
 52979 | Elf:1    | Reached skill level 13 in Shields
 53236 | Elf:1    | Reached skill level 2 in Fighting
 53704 | Elf:1    | Reached skill level 3 in Fighting
 54145 | Elf:1    | Got the Verses on Summoned Arcane Weapons
 54205 | Elf:1    | Reached XP level 17. HP: 111/111 MP: 13/33
 54331 | Elf:1    | Reached skill level 4 in Fighting
 54998 | Elf:2    | Reached skill level 5 in Fighting
 55106 | Elf:2    | Paralysed by an air elemental for 1 turns
 56575 | Elf:3    | Reached skill level 6 in Fighting
 57044 | Elf:3    | HP: 42/119 [deep elf high priest/damnation (45)]
 57046 | Elf:3    | Reached skill level 14 in Shields
 57332 | Elf:3    | Noticed a deep elf blademaster
 57341 | Elf:3    | Killed a deep elf blademaster
 57496 | Elf:3    | Reached skill level 7 in Fighting
 57979 | Elf:3    | Identified the +1 plate armour of the Peculiar Portals
                  | {MP+9 Str+3}
 57979 | Elf:3    | Noticed a deep elf master archer
 57983 | Elf:3    | HP: 60/120 [deep elf master archer/arrow (26)]
 57983 | Elf:3    | Killed a deep elf master archer
 58358 | Elf:3    | Reached skill level 8 in Fighting
 58539 | Elf:3    | Identified the +7 shortbow of Vozxoa {speed, rF+ rC- rCorr
                  | Dex+6}
 58677 | Elf:3    | Identified the +3 chain mail of the Lonely Teeth {rPois}
 58686 | Elf:3    | Identified the +1 scale mail of the Dungeon {rC- Int+3
                  | Dex+4 SInv}
 58752 | Elf:3    | Identified the +4 short sword of Agafaci {antimagic, rN++
                  | Str-3}
 59087 | Vaults:1 | Entered Level 1 of the Vaults
 59087 | Vaults:1 | Found Kozokleb's Antique Weapon Shoppe.
 59134 | Vaults:1 | Found a magical portal.
 59148 | WizLab   | Entered The Hall of the Hellbinder
 59358 | WizLab   | Reached skill level 11 in Earth Magic
 59588 | WizLab   | HP: 42/124 [demonspawn black sun/dispel undead (62)]
 59711 | WizLab   | HP: 53/124 [something (11)]
 59736 | WizLab   | HP: 42/124 [neqoxec (2)]
 59859 | WizLab   | Reached XP level 18. HP: 83/131 MP: 12/34
 60214 | WizLab   | Got the Vellum of Illusion
 60292 | WizLab   | Identified the +9 lajatang of Suqus {vamp, rElec Dex+6}
 60292 | WizLab   | Noticed Furop
 60297 | WizLab   | Noticed a Hell Sentinel
 60424 | WizLab   | Killed Furop the Hellbinder
 60579 | WizLab   | Identified the ring "Fiwouxt" {rC+ Will+++ rCorr Str+6
                  | Dex-3}
 60590 | WizLab   | Found a burning altar of Makhleb.
 60599 | WizLab   | Got the Vademecum on the Flock
 60691 | Vaults:1 | sleeves: epic
 60691 | Vaults:1 | sleeves: wizlab
 60692 | Vaults:1 | CougarLife: whatd u get out of the lab
 60692 | Vaults:1 | CougarLife: holy fuck
 60692 | Vaults:1 | sleeves: ring
 60692 | Vaults:1 | CougarLife: thats fucking nuts
 60692 | Vaults:1 | sleeves: and lajatang
 60692 | Vaults:1 | sleeves: pretty sick
 60692 | Vaults:1 | CougarLife: lajatang is like a melee staff right
 60692 | Vaults:1 | sleeves: yeah
 60692 | Vaults:1 | sleeves: idk if u were watching that
 60692 | Vaults:1 | sleeves: but gozag is op as hell lol
 60692 | Vaults:1 | sleeves: well on a mummy
 60692 | Vaults:1 | sleeves: if i was any other god im dead
 60692 | Vaults:1 | sleeves: maybe
 60692 | Vaults:1 | CougarLife: whatd u do with gozag
 60692 | Vaults:1 | sleeves: just spam potions
 60692 | Vaults:1 | sleeves: I forget if vamp works on mummies
 60708 | Vaults:1 | Noticed Donald
 60958 | Vaults:1 | CougarLife: idk but gl in here with those weak defensive
                  | stats lol
 60963 | Vaults:1 | Reached skill level 9 in Fighting
 61095 | D:14     | sleeves: i got passage and swiftness at least
 61095 | D:14     | sleeves: i can run from almost anything
 61196 | Vaults:1 | CougarLife: gl with that chie
 61196 | Vaults:1 | CougarLife: chief
 61263 | Vaults:1 | Noticed Aizul
 61267 | Vaults:1 | Killed Aizul
 61721 | Vaults:1 | Killed Donald
 61844 | Vaults:1 | sleeves: thx
 61961 | Vaults:1 | sleeves: also have reflect and shield
 62118 | Vaults:1 | Reached skill level 15 in Shields
 62725 | Vaults:1 | Reached skill level 10 in Fighting
 63092 | Vaults:1 | Reached skill level 12 in Earth Magic
 63310 | Vaults:1 | Reached skill level 2 in Dodging
 63312 | Vaults:1 | Reached skill level 1 in Armour
 63703 | Vaults:1 | Reached skill level 7 in Stealth
 63931 | Vaults:1 | Reached skill level 2 in Armour
 63949 | Vaults:1 | Reached skill level 3 in Dodging
 65110 | Vaults:1 | Reached skill level 1 in Staves
 65111 | Vaults:1 | Reached skill level 3 in Armour
 66402 | Vaults:2 | Reached skill level 2 in Staves
 66405 | Vaults:2 | Reached skill level 4 in Dodging
 66813 | Vaults:2 | Reached skill level 8 in Stealth
 66869 | Vaults:2 | Found Hityrph's Armour Shoppe.
 67325 | Vaults:2 | Reached XP level 19. HP: 109/140 MP: 22/35
 67482 | Vaults:2 | Reached skill level 4 in Armour
 67990 | Vaults:2 | Found Faickuid's Distillery.
 68164 | Vaults:2 | Reached skill level 3 in Staves
 68701 | Vaults:2 | Reached skill level 5 in Dodging
 68702 | Vaults:2 | HP: 60/140 [yaktaur captain/bolt (33)]
 69915 | Vaults:3 | Reached skill level 4 in Staves
 69924 | Vaults:3 | HP: 65/140 [glowing shapeshifter skeleton[a necromancer]
                  | (7)]
 70013 | Vaults:2 | Reached skill level 5 in Armour
 70504 | Vaults:3 | Reached skill level 9 in Stealth
 71537 | Vaults:3 | Reached skill level 6 in Dodging
 71905 | Vaults:3 | Found Rischig's General Store.
 71905 | Vaults:3 | Found Areschel's Distillery.
 71982 | Vaults:3 | Reached skill level 5 in Staves
 72334 | Vaults:3 | Reached skill level 6 in Armour
 73522 | Vaults:3 | Found a staircase to the Crypt.
 73522 | Vaults:3 | Found an ancient bone altar of Kikubaaqudgha.
 73523 | Vaults:3 | Found a basalt altar of Yredelemnul.
 74378 | Vaults:3 | Found Vaxzun's Antique Weapon Shoppe.
 74420 | Vaults:3 | Bought a warped dagger for 217 gold pieces
 74420 | Vaults:3 | Identified the +2 dagger of the Walnut {venom, Str+4} (You
                  | bought it in a shop on level 3 of the Vaults)
 74514 | Vaults:4 | Reached skill level 10 in Stealth
 74834 | Vaults:4 | Reached skill level 7 in Dodging
 74839 | Vaults:4 | Reached skill level 6 in Staves
 74839 | Vaults:4 | Reached XP level 20. HP: 117/147 MP: 12/36
 75442 | Vaults:4 | Reached skill level 7 in Armour
 77065 | Vaults:4 | Reached skill level 7 in Staves
 77093 | Vaults:4 | Reached skill level 8 in Dodging
 77099 | Vaults:4 | HP: 63/147 [ironbound frostheart/creeping frost (20)]
 77639 | Vaults:4 | Reached skill level 8 in Armour
 78325 | Vaults:4 | Identified the +1 ring mail of the Summoning Gods {rElec
                  | rCorr Str+3}
 78560 | Vaults:4 | Identified the +1 scale mail "Caucky Ikuk" {rPois rCorr
                  | Int-3}
 81002 | Lair:2   | Learned a level 7 spell: Spellforged Servitor
 81528 | Spider:2 | Reached skill level 1 in Summonings
 81685 | Spider:2 | Reached skill level 9 in Armour
 82321 | Spider:2 | Reached skill level 2 in Summonings
 84072 | Spider:3 | Reached skill level 3 in Summonings
 84145 | Spider:3 | Noticed Louise
 84157 | Spider:3 | Killed Louise
 85837 | Spider:4 | Entered Level 4 of the Spider Nest
 86511 | Spider:4 | Reached skill level 4 in Summonings
 87649 | Spider:4 | Reached skill level 10 in Armour
 87714 | Spider:4 | Reached XP level 21. HP: 151/153 MP: 11/37
 88197 | Spider:3 | Reached skill level 5 in Summonings
 89184 | Spider:4 | Reached skill level 6 in Summonings
 89527 | Spider:4 | HP: 71/153 [spark wasp (15)]
 90525 | Spider:4 | Got a gossamer rune of Zot
 90874 | D:10     | Killed Erolcha
 91080 | D:10     | Found Toheuch's Armour Shop.
 91359 | D:14     | Reached skill level 7 in Summonings
 91792 | D:14     | Killed Rupert
 92330 | D:15     | Noticed Jorgrun
 92337 | D:15     | Killed Jorgrun
 92338 | D:15     | Reached skill level 8 in Summonings
 92458 | D:15     | Noticed Agnes
 92461 | D:15     | Killed Agnes
 93236 | D:15     | Identified the +2 ring mail of the Rose {rPois Dex+3}
 93840 | D:15     | Identified Roxanne's Teachings on Moulding
 93840 | D:15     | Noticed Roxanne
 93857 | D:15     | Killed Roxanne
 93858 | D:15     | Reached skill level 9 in Summonings
 94045 | D:15     | Found a shadowy altar of Dithmenos.
 94356 | D:15     | Found a staircase to the Depths.
 94652 | Depths:1 | Entered Level 1 of the Depths
 95511 | Depths:1 | Reached skill level 10 in Summonings
 96281 | Depths:1 | You fall into a shaft and drop 1 floor!
 96398 | Depths:1 | Reached skill level 1 in Fire Magic
 97176 | Depths:1 | Reached skill level 2 in Fire Magic
 97644 | Depths:1 | Identified the +8 trident of Crawling {vamp, Will+ Int+3
                  | Stlth+}
 97827 | Depths:1 | Reached skill level 3 in Fire Magic
 98008 | Depths:1 | Found a portal to a secret trove of treasure.
 98146 | Depths:1 | Found a gateway to Hell.
 98782 | Depths:2 | Reached skill level 4 in Fire Magic
 99875 | Depths:2 | Found a basalt altar of Yredelemnul.
 99878 | Depths:2 | Noticed a profane servitor
100007 | Depths:2 | Reached skill level 5 in Fire Magic
100073 | Depths:2 | Found a one-way gate to the infinite horrors of the Abyss.
100198 | Depths:2 | Found a one-way gate leading to the halls of Pandemonium.
100215 | Depths:2 | Reached XP level 22. HP: 143/159 MP: 27/38
100217 | Depths:2 | Reached skill level 11 in Summonings
101678 | Depths:3 | Reached skill level 6 in Fire Magic
101694 | Depths:3 | HP: 74/159 [fire giant/bolt of fire (11)]
101699 | Depths:3 | HP: 49/159 [fire giant/fireball (27)]
102491 | Depths:3 | Found a runed translucent gate.
102491 | Depths:3 | Found a runed translucent gate.
102491 | Depths:3 | Found a runed translucent gate.
102690 | Depths:3 | Noticed XxsatanxX's ghost (adept MiBe)
102693 | Depths:3 | Found a viscous altar of Jiyva.
103004 | Depths:3 | Found a one-way gateway to a ziggurat.
103122 | Depths:3 | Acquired Ozocubu's Autobiography
103132 | Depths:3 | Learned a level 7 spell: Ozocubu's Refrigeration
103354 | D:9      | Bought a manual of Ice Magic for 1280 gold pieces
104579 | Depths:4 | Entered Level 4 of the Depths
104679 | Depths:4 | Reached skill level 11 in Ice Magic
104807 | Depths:4 | Reached skill level 14 in Conjurations
105956 | Depths:4 | Found a runed translucent gate.
105957 | Depths:4 | Found a runed translucent gate.
105958 | Depths:4 | Found a runed translucent gate.
106031 | Depths:4 | Found Opsyl Xyoco's Blood Bar.
106521 | Depths:4 | Noticed Veakkusy's ghost (veteran DsWr)
106575 | Depths:4 | Reached skill level 12 in Summonings
107035 | Depths:4 | Reached skill level 12 in Ice Magic
107192 | Depths:4 | Noticed a golden dragon
107480 | Depths:4 | Killed a golden dragon
107761 | Depths:4 | Found a gate to the Realm of Zot.
107975 | Depths:4 | CougarLife: why can there be shafts on the same space as
                  | stairs
107975 | Depths:4 | CougarLife: i went down stairs
107975 | Depths:4 | CougarLife: didnt move
107975 | Depths:4 | CougarLife: couldnt move
107975 | Depths:4 | CougarLife: cuz i was already falling 3 floors
107975 | Depths:4 | sleeves: i think its just a random zot event
107975 | Depths:4 | CougarLife: ??????????????
107975 | Depths:4 | sleeves: its dumb
107975 | Depths:4 | CougarLife: zot event?
107975 | Depths:4 | CougarLife: i was in fucking d4
107975 | Depths:4 | sleeves:
                  | http://crawl.chaosforge.org/Trap#Exploration_Traps_.28Sourc
                  | eless_Malevolence.29
107975 | Depths:4 | sleeves: its this thing
107975 | Depths:4 | CougarLife: sick
107975 | Depths:4 | CougarLife: never happened on stairs before
107975 | Depths:4 | CougarLife: love that im seeing things ive never seen over
                  | 1k games for the first time in the last 2 days
107975 | Depths:4 | CougarLife: very cool
108382 | Lair:5   | HP: 66/159 [lindwurm/blast of flame (40)]
109786 | Lair:5   | Found a staircase to the Slime Pits.
109884 | Lair:5   | Found a runed translucent gate.
110213 | Lair:5   | Reached skill level 13 in Ice Magic
110521 | Lair:5   | Identified the +4 glaive "Noicsyud" {venom, Int+4 SInv}
110531 | Lair:5   | Found a runed translucent gate.
110799 | Lair:5   | Noticed mkat's ghost (journeyman DsCK)
111022 | Lair:5   | Killed mkat's ghost
111205 | Lair:5   | Got the ring of Vuddol {Fire SInv}
111207 | Lair:5   | Identified the +1 leather armour "Qoduol" {rC+ Stlth+}
111253 | Slime:1  | Entered Level 1 of the Pits of Slime
112820 | Slime:2  | Reached skill level 13 in Summonings
113405 | Slime:2  | Reached skill level 14 in Ice Magic
114364 | Slime:3  | Noticed Dissolution
114370 | Slime:3  | Killed Dissolution
114371 | Slime:3  | Reached XP level 23. HP: 165/165 MP: 27/39
115399 | Slime:4  | sleeves: lol it just happened to me
115788 | Slime:4  | CougarLife: nice
115816 | Slime:4  | CougarLife: i have hella spells this run
115827 | Slime:4  | CougarLife: like i need to stay alive
115827 | Slime:4  | CougarLife: and my d8 is full of shit that shouldnt be
                  | there
115828 | Slime:5  | Entered Level 5 of the Pits of Slime
115978 | Slime:5  | Reached skill level 15 in Ice Magic
116822 | Slime:5  | Found the +13 scythe of Curses {drain, Drain}
116918 | Slime:5  | Found a viscous altar of Jiyva.
116919 | Slime:5  | Noticed the Royal Jelly
117101 | Slime:5  | Killed the Royal Jelly
117690 | Slime:5  | Reached skill level 14 in Summonings
118047 | Slime:5  | Found the +15 Maxwell's patent armour {-Cast -Tele rElec
                  | Will+ rCorr}
118062 | Slime:5  | Found the macabre finger necklace {rN+}
118064 | Slime:5  | Found the amulet of the Four Winds {rN+ Will+++ Clar}
118083 | Slime:5  | Identified the +9 morningstar of Frustration {vorpal, Fly
                  | rC- rN+ SInv}
118099 | Slime:5  | Got the Secrets of Bolts
118136 | Slime:5  | Identified the amulet of Filoj {Faith rPois}
118338 | Slime:5  | CougarLife: did u kill trj yet
118436 | Slime:5  | Got a slimy rune of Zot
118573 | Lair:5   | sleeves: yea
118573 | Lair:5   | sleeves: i read two torment scrolls
118573 | Lair:5   | sleeves: and used refrigeration + immolation
118573 | Lair:5   | sleeves: I got the best item for a mummy
118573 | Lair:5   | sleeves: and i think ima try to go for 15
118573 | Lair:5   | sleeves: got amu of 4 winds
118573 | Lair:5   | sleeves: now i cant get confused
118750 | D:10     | Killed Lodul
118974 | Crypt:1  | Entered Level 1 of the Crypt
119842 | Crypt:1  | Found a runed translucent gate.
119842 | Crypt:1  | Found a runed translucent gate.
119843 | Crypt:1  | Found a runed translucent gate.
119844 | Crypt:1  | Noticed Hynnuzim's ghost (veteran CeHu)
120732 | Crypt:1  | CougarLife: show amulet
120733 | Crypt:1  | CougarLife: ahhh
120733 | Crypt:1  | CougarLife: yeah thats nuts
121217 | Crypt:1  | Reached skill level 16 in Ice Magic
121769 | Crypt:1  | HP: 78/165 [spectral harpy (9)]
122163 | Crypt:1  | Learned a level 1 spell: Apportation
122227 | Crypt:1  | Noticed a royal mummy
122234 | Crypt:1  | Killed a royal mummy
122235 | Crypt:1  | Reached skill level 15 in Summonings
122364 | Crypt:1  | Identified the ring of Zialeuf {rCorr Int+7 Dex+6}
122693 | Crypt:2  | Reached skill level 2 in Evocations
123278 | Crypt:2  | Found a runed translucent gate.
123278 | Crypt:2  | Found a runed translucent gate.
123278 | Crypt:2  | Found a runed translucent gate.
123279 | Crypt:2  | Noticed Woadakig's ghost (veteran FoFi)
123962 | Crypt:2  | Reached skill level 3 in Evocations
125451 | Crypt:3  | Entered Level 3 of the Crypt
125509 | Crypt:3  | CougarLife: is that the servitor right ther
125589 | Crypt:3  | sleeves: yeah
125599 | Crypt:3  | CougarLife: he has a funny sprite
125717 | Crypt:3  | Reached skill level 13 in Spellcasting
125720 | Crypt:3  | sleeves: yeah idk what thta is
125721 | Crypt:3  | Reached skill level 4 in Evocations
125826 | Crypt:3  | Found a staircase to the Tomb.
125868 | Crypt:3  | Reached XP level 24. HP: 121/174 MP: 16/40
125923 | Crypt:3  | CougarLife: i think its unique to him
126055 | Crypt:3  | CougarLife: gotta be
126056 | Crypt:3  | CougarLife: ive never seen it b4
126058 | Crypt:3  | Reached skill level 11 in Fighting
127329 | Crypt:3  | Reached skill level 5 in Evocations
127600 | Crypt:3  | CougarLife: u lvling stealth on the mummy?
127616 | Crypt:3  | sleeves: yeah
127699 | Crypt:3  | CougarLife: what lvl is it
127699 | Crypt:3  | sleeves: 10
127706 | Crypt:3  | CougarLife: hmm
127874 | Crypt:3  | Found an ancient bone altar of Kikubaaqudgha.
127948 | Crypt:3  | Found a basalt altar of Yredelemnul.
127959 | Crypt:3  | CougarLife: uhhhh
127967 | Crypt:3  | CougarLife: thats not ideal lol
127974 | Crypt:3  | sleeves: i can run from anything
127974 | Crypt:3  | sleeves: unless im silenced
128105 | Crypt:3  | CougarLife: what lvl conj/summ do u have
128108 | Crypt:3  | CougarLife: fuuuuuuuck
128108 | Crypt:3  | CougarLife: thats so high
128108 | Crypt:3  | sleeves: eh not really
128108 | Crypt:3  | CougarLife: it is for where im at
128108 | Crypt:3  | sleeves: i also have a lot of other stuff leveled
128108 | Crypt:3  | CougarLife: yeah i see that
128108 | Crypt:3  | sleeves: if you focus it it can get there pretty quickly
128272 | Crypt:3  | Found the +8 Vampire's Tooth {vamp}
128284 | Crypt:3  | Got the Almanac of Noxious Kindling
128328 | Crypt:3  | Identified the ring of Umoh {rPois rN+ Dex+2}
128328 | Crypt:3  | Identified the ring of Riuf {rF+ rN+}
128328 | Crypt:3  | Identified the ring "Kasuf" {*Corrode rElec rN+ Will+}
128360 | Crypt:3  | Reached skill level 14 in Spellcasting
128605 | D:14     | sleeves: oof gozag not helping me out
128608 | D:14     | Bought the ring of the Final Decision {rElec rF+ Str+3
                  | Int+4} for 912 gold pieces
128818 | Zot:1    | Entered Level 1 of the Realm of Zot
128819 | Zot:1    | sleeves: idk if i can do 15
128819 | Zot:1    | sleeves: without any lvl 9 spells
128819 | Zot:1    | sleeves: so rip
128819 | Zot:1    | CougarLife: rip indeed
128819 | Zot:1    | CougarLife: i can fly now
128819 | Zot:1    | CougarLife: finally got my wings
128819 | Zot:1    | sleeves: lol forget they even get that
128819 | Zot:1    | CougarLife: im fucked
128826 | Zot:1    | Learned a level 6 spell: Dispersal
128826 | Zot:1    | CougarLife: just shafted 2 floors
128826 | Zot:1    | CougarLife: gonna magic map my way out
129088 | D:14     | Killed sleeves's ghost
129416 | Depths:3 | Reached skill level 12 in Fighting
129722 | Depths:3 | CougarLife: stealth is so fucking strong lol
129723 | Depths:3 | sleeves: it is
129723 | Depths:3 | CougarLife: wait why are you back in depths
129723 | Depths:3 | sleeves: getting armor scrolls
129800 | Depths:3 | CougarLife: ooo
129811 | Depths:3 | Killed XxsatanxX's ghost
129815 | Depths:3 | Reached skill level 7 in Translocations
130449 | D:6      | Bought a scroll of amnesia for 52 gold pieces
130449 | D:6      | Bought a scroll of torment for 123 gold pieces
130449 | D:6      | Bought a scroll of enchant armour for 97 gold pieces
131372 | Zot:1    | Reached skill level 8 in Translocations
132235 | Zot:1    | HP: 89/178 [purple draconian shifter/bolt of dispelling
                  | energy (27)]
132565 | Zot:1    | Reached skill level 9 in Translocations
133078 | Zot:2    | CougarLife: thats spooky
133860 | Zot:2    | Found a runed translucent door.
133860 | Zot:2    | Noticed Flapstick's ghost (legendary HaBe)
134071 | Zot:2    | Reached skill level 10 in Translocations
134312 | Zot:2    | Learned a level 8 spell: Lehudib's Crystal Spear
134721 | Zot:2    | sleeves: wait i just remembered i have a trove
134721 | Zot:2    | sleeves: i just need to kill geryon
134883 | Hell     | Entered the Vestibule of Hell
135034 | Hell     | Noticed Geryon
136198 | Hell     | HP: 79/178 [hell beast[Geryon] (20)]
136527 | Hell     | Killed Geryon
137492 | Depths:4 | CougarLife: you what
137497 | Depths:4 | CougarLife: your trove is requesting geryon to be killed?
137540 | Depths:4 | sleeves: his horn
137549 | Depths:4 | CougarLife: what the fuck
137552 | Hell     | CougarLife: thats not worth at all
137554 | Hell     | sleeves: how
137554 | Hell     | sleeves: hes dead
137556 | Hell     | CougarLife: you got him already?
137559 | Hell     | CougarLife: ??geryon
137561 | Depths:4 | beem: geryon[1/2]: Appears in the Vestibule of Hell every
                  | game. Summons beasts. Can be silenced. Drops {horn of
                  | geryon}. Does not need to be killed in order to enter the
                  | Hells.
137561 | Depths:4 | sleeves: hes kinda weak
137561 | Depths:4 | sleeves: i just use phial of flood
137561 | Depths:4 | sleeves: he cant cast
137561 | Depths:4 | sleeves: and me and my boi throw iron at em
137713 | Hell     | CougarLife: lmao
137717 | Hell     | CougarLife: pumpem full of lead eh
137722 | Hell     | CougarLife: i cast gun
137876 | Hell     | CougarLife: literally what you are doing
138029 | Hell     | CougarLife: and summoning a guy and giving him a gun lol
138092 | Depths:4 | sleeves: lol
138261 | Depths:1 | CougarLife: nefpre upi emter
138261 | Depths:1 | You paid a toll of the horn of Geryon to enter a treasure
                  | trove
138262 | Trove    | Entered a treasure trove
138264 | Trove    | CougarLife: fuck
138264 | Trove    | Found the amulet of Vitality {RegenMP++ Regen++}
138266 | Trove    | CougarLife: i wanted to see his horn
138266 | Trove    | CougarLife: before you went in
138266 | Trove    | sleeves: oh my bad
138266 | Trove    | CougarLife: yeah i mistyped
138266 | Trove    | CougarLife: oh well
138266 | Trove    | sleeves: it summons demons
138266 | Trove    | CougarLife: is it an evokable?
138266 | Trove    | sleeves: yeah
138266 | Trove    | CougarLife: i see
138266 | Trove    | Identified the ring of Fich {Fire Drain rN+ Int+6 SInv}
138268 | Trove    | CougarLife: neat
138270 | Trove    | CougarLife: this is gonna be some good shit
138270 | Trove    | sleeves: yaaaa
138270 | Trove    | Identified the ring "Gamingum" {Will+ Str+6 Int+3 Dex-4
                  | SInv}
138275 | Trove    | Identified the ring of Divine Compulsion {rC+ Will++ Dex-4}
138279 | Trove    | Identified the ring of Kaetzath {rC+++ Str-5 Int+6}
138281 | Trove    | sleeves: nothing i need tho
138281 | Trove    | sleeves: i need rd
138281 | Trove    | sleeves: rd
138281 | Trove    | sleeves: rf
138281 | Trove    | Identified the ring of Elytaf {Contam rPois rF+ rCorr
                  | Str+4}
138298 | Depths:1 | CougarLife: unlucky
138508 | Zot:2    | Reached XP level 25. HP: 175/184 MP: 23/41
139192 | Zot:2    | Reached skill level 13 in Earth Magic
139640 | Zot:2    | Reached skill level 15 in Conjurations
139995 | Zot:3    | sleeves: my man is shooting out tank shells
140225 | Zot:3    | You fall into a shaft and drop 1 floor!
140687 | Zot:3    | Noticed an orb of fire
140687 | Zot:3    | HP: 75/184 [orb of fire/bolt of fire (54)]
140688 | Zot:3    | sleeves: good lord
140688 | Zot:3    | sleeves: gonna eat dinner
140688 | Zot:3    | sleeves: but yeah thats crazy
140688 | Zot:3    | sleeves: turned the corner into a nice fire man who hit me
                  | for 70% of my hp
140688 | Zot:3    | CougarLife: fun
140688 | Zot:3    | CougarLife: theres a guy playing meteoran in a zigg rn with
                  | all 15 runes
140688 | Zot:3    | CougarLife: practicing for tournament lol
140688 | Zot:3    | CougarLife: ignition is nuts in ziggs
140688 | Zot:3    | sleeves: it is
140688 | Zot:3    | sleeves: its needed
140688 | Zot:3    | sleeves: alright time to die
140692 | Zot:3    | CougarLife: nah you win these
140693 | Zot:3    | HP: 90/184 [orb of fire/bolt of fire (25)]
140694 | Zot:3    | sleeves: how do i have no fog
140694 | Zot:3    | CougarLife: what scrolls do you have
140695 | Zot:3    | CougarLife: id just blow a blink tbh
140697 | Zot:3    | CougarLife: or two
140697 | Zot:3    | sleeves: lol this guy cancelled my tp
140697 | Zot:3    | sleeves: and haste
140697 | Zot:3    | sleeves: classic
140697 | Zot:3    | CougarLife: thats rough
140760 | Zot:2    | CougarLife: ez not even close
140765 | Zot:3    | sleeves: yeah wish i had rf+++
140765 | Zot:3    | CougarLife: just remember better to use those now than have
                  | them when its orb run time
140765 | Zot:3    | sleeves: dude just murdered me
140785 | Zot:3    | sleeves: how does he keep doing this shit lol
140785 | Zot:3    | sleeves: hes just campig corners
140802 | Zot:3    | CougarLife: get fucked i guess
140804 | Zot:3    | Reached skill level 14 in Earth Magic
140805 | Zot:3    | Killed an orb of fire
140810 | Zot:3    | CougarLife: marginally safer
140914 | Zot:3    | CougarLife: now safe pog
140944 | Zot:3    | CougarLife: why are you clearing this floor btw
140953 | Zot:3    | CougarLife: dont you usually just dive
140961 | Zot:3    | sleeves: yeah
140961 | Zot:3    | sleeves: but im praying i find a book
140961 | Zot:3    | CougarLife: for what
140961 | Zot:3    | sleeves: so i can do 15
140961 | Zot:3    | CougarLife: oh
140967 | Zot:3    | CougarLife: yeah gl chief
141148 | Zot:3    | Reached skill level 16 in Conjurations
141609 | Zot:4    | Noticed an orb of fire
141614 | Zot:4    | Killed an orb of fire
141722 | Zot:4    | Found a transporter.
141903 | Zot:4    | Identified the +3 war axe of the Vendetta {flame, rElec}
142311 | Zot:4    | Reached skill level 15 in Earth Magic
142347 | Zot:4    | Found a transporter.
142589 | Zot:4    | Found a transporter.
142604 | Zot:4    | Found a transporter.
142796 | Zot:5    | Entered Level 5 of the Realm of Zot
142796 | Zot:5    | Noticed a Killer Klown
142796 | Zot:5    | Noticed an ancient lich
142796 | Zot:5    | Noticed a dread lich
142797 | Zot:5    | sleeves: hey
142797 | Zot:5    | sleeves: thats nice
142797 | Zot:5    | sleeves: another example of what you were talking about
142797 | Zot:5    | CougarLife: what happened
142797 | Zot:5    | CougarLife: how did you get here
142797 | Zot:5    | sleeves: go down stairs
142797 | Zot:5    | CougarLife: stair shaft?
142797 | Zot:5    | sleeves: instant tp
142797 | Zot:5    | CougarLife: wtf is going on
142797 | Zot:5    | sleeves: tp trap
142797 | Zot:5    | CougarLife: why has it happened 3 times today
142797 | Zot:5    | sleeves: it happens a lot actually
142797 | Zot:5    | CougarLife: did it hit you before you left the stairs?
142797 | Zot:5    | sleeves: yeah
142797 | Zot:5    | CougarLife: ive never had it happen to me until today
142797 | Zot:5    | Noticed a dread lich
142799 | Zot:5    | CougarLife: youre fucked
142800 | Zot:5    | Noticed an orb of fire
142801 | Zot:5    | Noticed a Killer Klown
142802 | Zot:5    | sleeves: lol
142809 | Zot:5    | Noticed an ancient lich
142809 | Zot:5    | Noticed a dread lich
142810 | Zot:5    | CougarLife: you better pray to god
142810 | Zot:5    | sleeves: i am
142811 | Zot:5    | CougarLife: you dont have enough money
142813 | Zot:5    | CougarLife: to pray hard enough
142846 | Zot:4    | CougarLife: what a lucky tp
142878 | Zot:4    | sleeves: well i did tp
142878 | Zot:4    | sleeves: like 5 times
142878 | Zot:4    | CougarLife: yeah
142878 | Zot:4    | sleeves: it had to work eventuall
142881 | Zot:5    | CougarLife: no it didnt lmao
142888 | Zot:5    | CougarLife: ya got lucky
142888 | Zot:5    | sleeves: good news is i bribed the branch
142888 | Zot:5    | sleeves: i was still kinda okay
142888 | Zot:5    | CougarLife: prolly wont last long enough
142888 | Zot:5    | sleeves: i was gonna live for longer
142889 | Zot:5    | Noticed an orb of fire
142901 | Zot:5    | Killed an orb of fire
143348 | Zot:5    | HP: 91/184 [orb of fire/fireball (16)]
143350 | Zot:5    | Killed an orb of fire
143351 | Zot:5    | Reached XP level 26. HP: 99/191 MP: 8/41
143443 | Zot:5    | sleeves: my bribe got wasted
143443 | Zot:5    | sleeves: by one stupid ghost moth
143443 | Zot:5    | sleeves: sick
143641 | Zot:5    | sleeves: and marks
143641 | Zot:5    | sleeves: lol
143652 | Zot:5    | Reached skill level 17 in Conjurations
143736 | Zot:5    | Noticed an orb of fire
143743 | Zot:5    | Noticed an ancient lich
143752 | Zot:5    | Killed a dread lich
143752 | Zot:5    | Killed an ancient lich
143787 | Zot:5    | Noticed a dread lich
143792 | Zot:5    | Killed a dread lich
143893 | Zot:5    | Killed an ancient lich
143896 | Zot:5    | Noticed an ancient lich
144000 | Zot:5    | Killed an orb of fire
144001 | Zot:5    | Reached skill level 16 in Earth Magic
144106 | Zot:5    | Killed an ancient lich
144403 | Zot:5    | Killed a dread lich
144409 | Zot:5    | Killed a dread lich
144538 | Zot:5    | Reached skill level 18 in Conjurations
144682 | Zot:5    | Got the Orb of Zot
144702 | Zot:5    | Noticed an ancient lich
145020 | D:15     | CougarLife: gl chief
145102 | D:13     | Reached skill level 17 in Earth Magic
145323 | D:$      | Escaped with the Orb!

Illustrated notes

Levels and vault maps discovered:
D:1:      elethiomel_arrival_maze, layout_basic,
          shapermc_ecumenical_altar_flowoftime, minmay_hexomino_p4
D:2:      minmay_skewed_foursquare, layout_loops_ring, st_stairs_12
D:3:      cheibrodos_greedy_goblins, layout_rooms,
          gammafunk_temple_overflow_claw, mainiacjoe_overflow_brackets,
          mainiacjoe_overflow_catch_the_wave, serial_co_window_serial,
          co_window_corner_a, co_window_paths_b, co_window_paths_b,
          co_window_paths_a, co_window_paths_b, co_window_paths_b,
          co_window_paths_b, co_window_paths_a, co_window_paths_b,
          co_window_broadway_b, co_window_corner_b, co_window_corner_ca,
          co_window_unsneaky_path_a, co_window_corner_cb,
          co_window_unsneaky_path_e, glass_columns_c, glass_columns_a
D:4:      layout_cave_pools, nicolae_stop_n_shop_2
D:5:      layout_loops_corners, lemuel_temple_firewalk_b
D:6:      minmay_goblin_kobold_castle, layout_gridville, tso_altar,
          mainiacjoe_overflow_alcove_4, serial_shops, nicolae_shop_trees,
          nicolae_shop_waterfront, kennysheep_mini_moat,
          nicolae_shop_behind_doors, nicolae_shop_stone, minmay_starry_boxes
D:7:      layout_loops_corners, mainiacjoe_overflow_catwalk,
          chequers_hall_statues_corner_a
D:8:      layout_loops_corners, mainiacjoe_overflow_divided_tiny, enter_bailey_3
D:9:      layout_loops_ring, hiddenorc2_lemuel
D:10:     layout_irregular_city, mainiacjoe_overflow_24_doors, erik_lair_dragon,
          serial_shops, nicolae_shop_statue_plus, uniq_erolcha, uniq_lodul
D:11:     layout_irregular_city, uniq_fannar
D:12:     layout_stronghold
D:13:     layout_rooms
D:14:     layout_basic, skrybe_vaults_entry_preservation,
          minmay_misc_feat_more_columns, gammafunk_ghost_smash, serial_bayou,
          serial_bayou_ford_a, serial_bayou_lake_a, serial_bayou_pond_c,
          serial_bayou_crossing, serial_bayou_pond_e
D:15:     gammafunk_enter_depths_forms, layout_loops_ring,
          kennysheep_pointless_box, grunt_ministairs_1, grunt_dithmenos_shadows,
          uniq_jorgrun, uniq_roxanne, uniq_rupert, uniq_agnes
Lair:1:   layout_regular_city
Lair:2:   layout_regular_city, elwin_shoals_entry_rooms,
          nicolae_spider_entry_tight_spaces
Lair:3:   layout_long_grid, grunt_megastairs_4
Lair:4:   layout_loops_ring
Lair:5:   gammafunk_lair_ancient_temple, layout_gridlike,
          dpeg_slime_entry_enclosed, gammafunk_ghost_icy, patterned_corridor,
          serial_bayou_shore_b, lemuel_fruit_fields
Shoals:1: layout_shoals, uniq_kirke
Shoals:2: layout_shoals, portal_ice_cave_entry_ice_simulacra
Shoals:3: cheibrodos_shoals_three_sisters, layout_shoals, serial_shops,
          nicolae_stop_n_shop_2, nicolae_shop_window_shopping,
          nicolae_shop_stone
Shoals:4: shoals_end_grunt_garden, layout_shoals, serial_shops, shop,
          uniq_nikola, uniq_mara
Spider:1: layout_chambers
Spider:2: layout_spider_delve, drop_trap, spiders_nest_spider_trap
Spider:3: layout_spider_delve, worms_lemuel, uniq_louise
Spider:4: hellmonk_spider_rune_bug_friends
Slime:1:  layout_caves
Slime:2:  cheibrodos_slime_lost_civilization_9, layout_caves
Slime:3:  layout_caves, dissolution_awaits
Slime:4:  layout_caves, cheibrodos_slime_lost_civilization_5
Slime:5
Orc:1:    layout_caves
Orc:2:    st_orc_mages, layout_diamond_mine
Elf:1:    nicolae_elf_arrival_no_cutting_in_line, layout_geoelf_grid,
          minmay_elf_sorcery
Elf:2:    elven_hall_of_blades_hangedman_original
          [nicolae_blade_entry_antechamber], layout_geoelf_grid
Elf:3:    minmay_elf_hall_spiked, layout_gridlike, nrook_uturn
Vaults:1: mu_enter_wizlab_5, st_quartered_hall, vaults_room_semicircle,
          v_rooms_5, v_misc_29, v_alt_pattern_2, vaults_dpeg_hooks,
          grunt_vaults_swirl, ontoclasm_vaults_ring_large, vaults_room_hallway,
          v_pattern_2, vaults_room_door_ring, nicolae_vaults_big_angled_halls,
          ontoclasm_vaults_fault, nicolae_vaults_mini_display_case,
          layout_vaults_maze, serial_shops, nicolae_shop_crystal, uniq_donald,
          uniq_aizul
Vaults:2: nicolae_vaults_back_hallway, v_rooms_4, v_alt_pattern_1,
          dpeg_vaults_monster_box, dpeg_vaults_hating_casters,
          ontoclasm_vaults_shuriken, nicolae_vaults_asterisk,
          layout_vaults_omnigrid, serial_shops, shop, nicolae_shop_statue_plus
Vaults:3: minmay_crypt_entry_necro_gods, hangedman_vaults_hard_town_square,
          ontoclasm_vaults_chip, vaults_standard_mumra_enter_the_diamond,
          v_misc_17, vaults_dpeg_cross, nicolae_vaults_ring_of_whatevers,
          hangedman_vaults_stagger, vaults_room_semicircle,
          nicolae_vaults_network_barrier, ontoclasm_vaults_pinch, v_misc_12,
          v_misc_24, vaults_dpeg_encased_lava, layout_vaults_ring
Vaults:4: vaults_room_grid, ontoclasm_vaults_misaligned,
          hangedman_vaults_corner, v_misc_16, ontoclasm_vaults_shout, v_rooms_1,
          nicolae_vaults_arrows, vaults_room_pools,
          nicolae_vaults_three_branches, hangedman_vaults_impose,
          hangedman_vaults_cutoff, layout_vaults_omnicross
Crypt:1:  lemuel_minitomb, layout_misc_corridors, gammafunk_ghost_spectres
Crypt:2:  layout_gridlike, gammafunk_ghost_necromancy, lemuel_elevator
Crypt:3:  lightli_unholy_cathedral, layout_chaotic_city, minivault_19
Depths:1: layout_cave_pools, grunt_hell_entry_dis_old, serial_sigils,
          serial_sigils_hangedman_writhe, serial_sigils_hangedman_clutch,
          serial_sigils_hangedman_confine, serial_sigils_hangedman_stare,
          enter_trove_5, serial_sigils_hangedman_scratch, serial_bayou_shore_b
Depths:2: minmay_diamond_stairs, layout_cave_shapes, minmay_misc_feat_pillars,
          abyss_entry, hangedman_tar_grid_catacomb, pan_entry,
          hangedman_blasphemy
Depths:3: dpeg_oklob_gauntlet, layout_cave_pools, enter_ziggurat_e, abyss_entry,
          hell_entry, gammafunk_ghost_ooze, hangedman_decor_opposing,
          nrook_kobold_shadow_demons
Depths:4: grunt_zot_entry_bicorn, layout_gridlike, ebering_ghost_rock_garden,
          lightli_too_deep, chequers_serial_rivers_micro_c, abyss_entry,
          guppyfry_shop_blood
Hell
Zot:1:    layout_concentric_octagons
Zot:2:    minmay_elemental_castle, layout_misc_corridors,
          hellmonk_ghost_happy_afterlife
Zot:3:    kennysheep_room_grid, layout_cathedral_of_symmetry
Zot:4:    layout_gridlike, nicolae_diode_intersection
Zot:5:    layout_misc_corridors

Skill      XL: |  1  2  3  4  5  6  7  8  9 10 11 12 13 14 15 16 17 18 19 20 21 22 23 24 25 26 |
---------------+-------------------------------------------------------------------------------+-----
Ice Magic      | 3 4 5 6 7 8 10 14 16 | 16.0
Conjurations   | 1 3 5 7 9 11 12 13 14 16 18 | 18.4
Spellcasting   | 3 7 8 11 12 13 14 | 14.0
Air Magic      | 5 |  5.0
Shields        | 1 5 8 10 11 13 14 15 | 15.0
Earth Magic    | 2 6 8 10 11 12 15 17 | 17.0
Stealth        | 4 6 8 10 | 10.0
Translocations | 3 6 10 | 10.2
Fighting       | 3 8 10 12 | 12.0
Dodging        | 4 7 8 |  8.5
Armour         | 3 6 10 | 10.0
Staves         | 2 6 7 |  7.6
Summonings     | 4 10 13 15 | 15.0
Fire Magic     | 5 6 |  6.9
Evocations     | 4 5 |  5.4

Action                   |  1- 3 |  4- 6 |  7- 9 | 10-12 | 13-15 | 16-18 | 19-21 | 22-24 | 25-27 || total
-------------------------+-------+-------+-------+-------+-------+-------+-------+-------+-------++-------
Melee: Dagger            |     3 |       |       |       |    58 |     3 |       |       |       ||    64
       Whip              |    55 |    43 |   108 |       |       |       |       |       |       ||   206
       Punch             |     1 |       |     1 |     1 |       |       |       |       |       ||     3
       Short sword       |       |       |   103 |    66 |    23 |       |       |       |       ||   192
       Sling             |       |       |       |       |       |     2 |       |     7 |    10 ||    19
       Staff             |       |       |       |       |       |    19 |   216 |   262 |     3 ||   500
       Quick blade       |       |       |       |       |       |     1 |       |       |       ||     1
 Fire: Sling             |       |       |     2 |       |       |     7 |     5 |    21 |    15 ||    50
 Cast: Freeze            |    44 |   114 |   101 |   149 |    73 |     6 |     1 |       |       ||   488
       Frozen Ramparts   |       |     3 |    42 |    81 |    63 |     1 |     5 |       |       ||   195
       Hailstorm         |       |       |     6 |   100 |    97 |     1 |    13 |     2 |       ||   219
       Sticky Flame      |       |       |       |    18 |    83 |    27 |    75 |       |       ||   203
       Shock             |       |       |       |       |   333 |   581 |   955 |   405 |       ||  2274
       Freezing Cloud    |       |       |       |       |    97 |   120 |   152 |    72 |    17 ||   458
       Iskenderun's Batt |       |       |       |       |    82 |   137 |   198 |    83 |       ||   500
       Swiftness         |       |       |       |       |     5 |     3 |    11 |    11 |     8 ||    38
       Iron Shot         |       |       |       |       |       |   132 |   266 |   520 |   246 ||  1164
       Passage of Golubr |       |       |       |       |       |    13 |     8 |    26 |    22 ||    69
       Ozocubu's Refrige |       |       |       |       |       |       |       |    45 |    13 ||    58
       Spellforged Servi |       |       |       |       |       |       |       |   131 |    76 ||   207
       Apportation       |       |       |       |       |       |       |       |     1 |       ||     1
       Dispersal         |       |       |       |       |       |       |       |     5 |     2 ||     7
       Lehudib's Crystal |       |       |       |       |       |       |       |       |    10 ||    10
Invok: Call Merchant     |       |       |       |       |     3 |       |     4 |     3 |       ||    10
       Potion Petition   |       |       |       |       |     1 |     5 |     1 |     1 |     4 ||    12
       Bribe Branch      |       |       |       |       |       |       |       |       |     1 ||     1
Evoke: Wand              |       |       |    10 |     1 |    41 |     1 |    10 |       |     1 ||    64
       Phial of floods   |       |       |       |       |       |     3 |     1 |     1 |     1 ||     6
       Piece from Xom's  |       |       |       |       |       |     1 |       |       |       ||     1
       Tin of tremorston |       |       |       |       |       |     1 |       |       |       ||     1
       Phantom mirror    |       |       |       |       |       |       |     1 |     1 |       ||     2
       Box of beasts     |       |       |       |       |       |       |       |     1 |       ||     1
  Use: Scroll            |       |     1 |     4 |     6 |    10 |     5 |     6 |    27 |    13 ||    72
 Stab: Sleeping          |     1 |       |       |       |       |       |       |       |       ||     1
       Distracted        |       |       |       |       |       |     2 |     2 |     6 |       ||    10
Armor: Leather armour    |    32 |    73 |    66 |    44 |     2 |       |       |       |       ||   217
       Robe              |       |       |       |       |    64 |    53 |    76 |   211 |    43 ||   447
       Scale mail        |       |       |       |       |       |       |   226 |     4 |       ||   230
Dodge: Dodged            |    49 |   103 |   169 |   149 |   155 |    87 |   302 |   290 |    82 ||  1386
Block: Other             |       |       |    35 |    56 |     9 |       |       |       |       ||   100
       Reflection        |       |       |    10 |     1 |    38 |    74 |    50 |    15 |     6 ||   194
       Kite shield       |       |       |       |       |   246 |   247 |   673 |   498 |   107 ||  1771
